Workbook

Sheet LOCAL
A1: CORPORATIVO AUTO REFACCIONES DE CALIDAD S.A. DE C.V.
A2: CLIENTES LOCALES ZONA 1 GERARDO ALPIZAR
F3: ULTIMA MODIFICACION 31-03-2017
A4: T | B4: No. | C4: CLIENTE | D4: CONTACTO | E4: CRED. Y COND. | F4: OBSERVACIONES Y/O COMENTARIOS
A5: L | B5: 836 | C5: MARIA DE LOURDES CASILLAS HERNANDEZ | D5: SR. GRACIANO ARIZA (COMPRAS) 5737-0899 | E5: AKEBONO 78.49% | F5: LIMITE DE CREDITO: $1,733,000.00
C6: SAN JUAN DE ARAGON # 849 COL AMPL. CASAS ALEMAN | D6: CEL. SR ARIZA 557110 0072 | E6: TEXTAR 76.91% | F6: ANTES IVAN RAMSES
C7: GUSTAVO A. MADERO DF CP 07580 | D7: LISTAS DE PRECIOS mega_ariza@outlook.com | E7: PRIVADAS 76.91% | F7: 30 DIAS CREDITO
C8: NEGOCIO "MEGA SUSPENSIONES BRAKE 2000" | D8: ELISA MOSTRADOR 5757-0766 / 5753-4506 | E8: ( OCD, SMD, MFD ) | F8: RUTA
D9: CONTADOR BLANQUEL 5737-7993 CEL. 5591958094 | F9: NO BACK ORDER
C10: COMPRA TMDL, AKEBONO, COBREQ, SUPER CERAMIC, METALLIC Y FLEET | D10: contamega2000@hotmail.com | E10: PROM
E11: =VLOOKUP(C5,'[1]1.GERARDO ALPIZAR'!$D$6:$Q$60,14,0) -> 278861.2
A12: L | B12: 94 | C12: BEATRIZ RUIZ PEREZ | D12: COMPRAS JULIO (EL ROJO) Ò DANIEL | F12: OBSERVACIONES Y/O COMENTARIOS
C13: AV. GUADIANA # 905. COL VALLE DE ARAGON C.P. 55235 | D13: DUEÑO RUBEN SANABRIA | F13: SIN LIMITE DE CREDITO
C14: ECATEPEC, EDO DE MEX | D14: balatas.sanabria@gmail.com | E14: PROM | F14: QUE LO ATIENDA MARITZA
C15: NEGOCIO "CLUTCH Y FRENOS SANABRIA" | D15: 5783 7107 | E15: =VLOOKUP(C12,'[1]1.GERARDO ALPIZAR'!$D$6:$Q$60,14,0) -> 201719.75 | F15: NO BACK ORDER
E16: AKEBONO 79% | F16: RUTA
C17: COMPRA TEXTAR, S,CERAMIC, METALLIC Y FLEET | E17: TEXTAR 76.91% | F17: 30 DIAS DE CREDITO
E18: PRIVADAS 76.91%
E19: ( OCD, SMD, MFD )
A20: L | B20: 8 | C20: GABRIEL REYES RAMIREZ | D20: SR. GABRIEL REYES | E20: 35 D. | F20: OBSERVACIONES Y/O COMENTARIOS
C21: CALLE ESPARTA # 53 COL. ALAMOS D.F. | D21: gabo.rey3s@gmail.com | E21: 78.83% GRAL. 77.72% AKEB. | F21: LIMITE DE CREDITO: $801,000.00
C22: DEL. BENITO JUAREZ C.P. 03400 | D22: 3547 3766 | E22: PROM
D23: 3625 1406 NEXTEL GABRIEL
C24: NEGOCIO "FRENBAL" | D24: 3547 3765 | E24: 175542.41
C25: COMPRA TMDL ,AKEBONO,TEXTAR,SUPERCERAMIC,SUPERFLEET ,
C26: SUPERMETALLIC Y COBREQ
A28: L | B28: 14 | C28: RAMON MOSQUEDA MARTINEZ | D28: DUEÑO Y COMPRAS RAMON MOSQUEDA / HUGO TAPIA | E28: 30 D. | F28: OBSERVACIONES Y/O COMENTARIOS
C29: LUZ SAVIÑON # 923 COL. DEL VALLE | D29: refaccionariaramon@hotmail.com | E29: 75.57% AKEB 5% EXTRA
C30: C.P. 03100 BENITO JUAREZ, D.F. | D30: 5543-6281 | E30: PROM | F30: LIMITE DE CREDITO: $910,000.00
C31: NEGOCIO "REFACCIONARIA RAMON" | D31: 8590-5587 | E31: =VLOOKUP(C28,'[1]1.GERARDO ALPIZAR'!$D$6:$Q$60,14,0) -> 102410.54 | F31: EL SR. GERARDO LO VE SU NUMERO ESTA
C32: COMPRA TMDL, AKEBONO, COBREQ, SELECTRUM Y SUPER CERAMIC | D32: 3330-0629 | F32: EN EL TELEFONO DIRECTO
A33: L | B33: 613 | C33: ALEJANDRO ZAVALA FLORES | D33: DUEÑO ALEJANDRO ZAVALA FLORES | E33: 30 D. | F33: OBSERVACIONES Y/O COMENTARIOS
C34: NICOLAS BRAVO # 17 COL. AZCAPOTZALCO CENTRO C.P. 02000 | D34: CONTACTO COMPRAS ERICK ALVAREZ | E34: 77.43% GRAL. 78% PRIV. | F34: LIMITE DE CREDITO: $190,000.00
C35: AZCAPOTZALCO, DF | D35: PAGOS LUZ MARIA MARTINEZ | E35: PROM | F35: AVISARLE SIMEPRE ANTES DE QUE LLEGUE TEXTAR
C36: NEGOCIO "ECOBRAKE" | D36: 5353 2615 / 5347 6448 | E36: =VLOOKUP(C33,'[1]1.GERARDO ALPIZAR'!$D$6:$Q$61,14,0) -> 102036.47 | F36: ENVIAR B.O. POR CORREO
C37: COMPRA AKEBONO, TXT, COBREQ, SELECTRUM, OE SUPER CERAMIC | D37: ecobrake_eduardo@yahoo.com.mx
A38: L | B38: 69 | C38: ELOY RAMIREZ GALLEGOS | D38: DUEÑO ELOY RAMIREZ | E38: 21 D. OCASIONAL | F38: OBSERVACIONES Y/O COMENTARIOS
C39: FRANCISCO MURGUIA M 77 L 10 COL. GRANJAS VALLE DE GPE CP.55270 | D39: CONTACTOS GABRIELA BEECERRIL Ó ELBA | E39: 79.45% CONTADO | F39: LIMITE DE CREDITO: $500,000.00
C40: ENTREGA EN : COYUCA # 2914 COL. SN FELIPE DE JESUS | D40: LISTA DE PRECIOS arorefacciones@hotmail.com | E40: 76.25 AKEBONO
C41: DISTRITO FEDERAL DELEG. GUSTAVO A MADERO | D41: FACTURAS comprasaro@hotamail.com | E41: PROM | F41: EL SR. GERARDO
C42: NEGOCIO "ARO REFACCIONES" | D42: 5746 0949 | E42: =VLOOKUP(C38,'[1]1.GERARDO ALPIZAR'!$D$6:$Q$61,14,0) -> 99207.503
C43: COMPRA TMDL, FERODO, COBREQ | D43: 62*295425*2 CEL. SR. ELOY 55 8580 1635
A44: L | B44: 1000 | C44: JOSE OCTAVIO RAMIREZ REYES | D44: OCTAVIO PEDIDOS POR RADIO | E44: 35 D. | F44: OBSERVACIONES Y/O COMENTARIOS
C45: TRABAJADORAS SOCIALES # 97 COL. SIFON | D45: LUIS PEDIDOS TELEFONICOS | E45: 78.83% GRAL. 77.72% AKEB | F45: LIMITE DE CREDITO: $850,000.00
C46: C.P. 9400 IZTAPALAPA, D.F. | D46: luisjavierramirezcedillo@yahoo.com.mx | E46: PROM
C47: NEGOCIO "FRENBAL" | D47: 5686 5792 | E47: =VLOOKUP(C44,'[1]1.GERARDO ALPIZAR'!$D$6:$Q$60,14,0) -> 95358.196
C48: COMPRA TMDAL, AKEBONO, COBREQ, SELECTRUM Y SUPER CERAMIC | D48: NEXTEL OCTAVIO 3625 1405
A49: L | B49: 133 | C49: DON MANTENIMIENTO VEHICULAR, S.A. DE C.V. | D49: DUEÑO DON MELCHOR PEREZ MORALES (PAPÁ) COMPRAS | E49: 30 D. | F49: OBSERVACIONES Y/O COMENTARIOS
C50: AV. PALO SOLO # 57. COL. PALO SOLO | D50: LAURA RAMIREZ PAGOS Y CORREOS | E50: 76.42% / 77.00% AKEB | F50: LIMITE DE CREDITO: $350,000.00
C51: C.P. 52778 HUIXQUILUCAN ESTADO DE MEXICO | D51: LISTAS Y OTROS: donfrenos@hotmail.com | E51: PROM
E52: =VLOOKUP(C49,'[1]1.GERARDO ALPIZAR'!$D$6:$Q$61,14,0) -> 84382.27 | F52: NO LLAMAR EL ENVIA PEDIDO POR CORREO
C53: COMPRA TMDL, SUPER CERAMIC, METALLIC, FLEET Y AKEBONO | D53: 5291 3726 5290-3045 | F53: NO BACK ORDER
A54: L | B54: 366 | C54: PROVEEDORA DE ROTORES Y TAMBORES SA DE CV | D54: DUEÑO ING. GACHUS | E54: 30 D. | F54: OBSERVACIONES Y/O COMENTARIOS
C55: CALLE DR. VERTIZ No. 985 B COL. NARVARTE | D55: CONTACTO COMPRAS CLAUDIA ZAPATA | E55: 0.7691
C56: D.F., DELEGACION BENITO JUAREZ C.P. 03020 | D56: rproveedora@yahoo.com.mx | E56: PROM | F56: LIMITE DE CREDITO: $200,000.00
D57: rto40@hotmail.com | E57: =VLOOKUP(C54,'[1]1.GERARDO ALPIZAR'!$D$6:$Q$60,14,0) -> 71647.76
C58: COMPRA TXT, SUPER CERAMIC, METALLIC, FLEET | D58: 5523 8118 / 5669 1236
A59: L | B59: 690 | C59: ALVARO AGUILAR VALDES | D59: COMPRAS ALVARO HIJO | E59: 15 D. | F59: OBSERVACIONES Y/O COMENTARIOS
C60: CARLOS PICHARDO CRUZ No. 34 COL. STA. MARIA MAGDALENA | D60: 6348 5181 | E60: 0.7675 | F60: SIN LIMITE DE CREDITO
C61: C.P. 55715 EDO. DE MEX. COACALCO DE BERRIOZ | D61: frenos.importados@outlook.com | E61: PROM
E62: =VLOOKUP(C59,'[1]1.GERARDO ALPIZAR'!$D$6:$Q$61,14,0) -> 70552.733
C63: COMPRA TMDAL, AKEBONO, SUPER CERAMIC
B64: No. | C64: CLIENTE | D64: CONTACTO | E64: CRED. Y COND. | F64: OBSERVACIONES Y/O COMENTARIOS
A65: L | B65: 684 | C65: BOTTAGLIA S.A DE C.V | D65: LUIS SEGURA Y/Ó HUMBERTO ANGELES | E65: CONTADO
C66: CISNES MANZANA 19 LOTE 7, COL. VALLE DE TULES | D66: LOCAL 7586-2099 Y 7586-2211 | E66: 76.6% / 77.00% AKEB | F66: LIMITE DE CREDITO: $80,000.00
C67: C.P. 54900, TULTITLAN ESTADO DE MEXICO | D67: bottaglia@gmail.com | E67: PROM | F67: DE PREFERENCIA HABLAR CON LUIS SEGURA
D68: humberto_angeles@hotmail.com | E68: =VLOOKUP(C65,'[1]1.GERARDO ALPIZAR'!$D$6:$Q$61,14,0) -> 52773.2
C69: COMPRA TMDAL, AKEBONO
A70: L | B70: 111 | C70: ROSA HILDA RAMIREZ REYES | D70: DUEÑA ROSA HILDA CONTACTO COMPRAS ANITA | E70: 35 D. | F70: OBSERVACIONES Y/O COMENTARIOS
C71: AV.CANAL DE MIRAMONTES # 2414 LOCAL D | D71: hramirez5@hotmail.com LISTAS Y OTROS | E71: 78.83% GRAL. 77.72% AKEB | F71: SIN LIMITE DE CREDITO
C72: COL. AVANTE C.P.4460 COYOACAN, D.F. | D72: miramontes@fren-balexpress.com FACTURAS | E72: PROM
C73: NEGOCIO "FRENBAL MIRAMONTES" | D73: 6277-8639 / 6278 6285 | E73: =VLOOKUP(C70,'[1]1.GERARDO ALPIZAR'!$D$6:$Q$60,14,0) -> 52528.15
C74: COMPRA TMDL, AKEBONO, COBREQ, SELECTRUM Y SUPER CERAMIC | D74: 5678-5480
A75: L | B75: 863 | C75: BERENICE RAMIREZ GARCIA | D75: COMPRAS ANTONIO RAMIREZ | E75: 35 D. | F75: OBSERVACIONES Y/O COMENTARIOS
C76: JAVIER ROJO GOMEZ No. 170 LOCAL A COL. AGRICOLA ORIENTAL | D76: 5115-4501 5115-4502 | E76: 78.83% GRAL. 77.72% AKEB | F76: LIMITE DE CREDITO: $800,000.00
C77: DEL. IZTACALCO DISTRITO FEDERAL | D77: asaelrg@hotmail.com | E77: PROM | F77: METODO DE PAGO: 03 TRANSFERENCIA
D78: CORREO FACTURAS: | E78: =VLOOKUP(C75,'[1]1.GERARDO ALPIZAR'!$D$6:$Q$60,14,0) -> 41982.46
C79: COMPRA TMDL, AKEBONO, SUPER CERAMIC, METALLIC, FLEET | D79: bereniceramg@hotmail.com
A80: L | B80: 1026 | C80: RENTAFIN, S.A. DE C.V. | D80: SR. OSORIO GERENTE | E80: 30 D. | F80: OBSERVACIONES Y/O COMENTARIOS
C81: PARQUE DE GRANADA # 71 INT 404. COL.PARQUES | D81: CONTACTO COMPRAS CLAUDIA ZEPEDA | E81: 0.7715 | F81: SIN LIMITE DE CREDITO
C82: DE LA HERRADURA C.P. 52786 | D82: 5290 6086 / 5290 6944 | E82: PROM | F82: hector rosales
C83: HUIXQUILUCAN, EDO. DE MEX. | D83: czepeda@rentafin.com.mx | E83: =VLOOKUP(C80,'[1]1.GERARDO ALPIZAR'!$D$6:$Q$61,14,0) -> 37283.697 | F83: DISTRIB. AGENCIAS ACURA
C84: COMPRA AKEBONO, SUPER CERAMIC | D84: josorio@rentafin.com.mx
A85: L | B85: 1069 | C85: GABRIEL REYES RAMIREZ | D85: GABRIEL REYES HIJO | E85: 35 D. | F85: OBSERVACIONES Y/O COMENTARIOS
C86: SANTA CRUZ No. 169 LOCAL B COL. SAN SIMON TICOMAC | D86: 3625 1406 NEXTEL GABRIEL | E86: 78.83% GRAL. 77.72% AKEB.
C87: DELEGACION BENITO JUAREZ C.P. 03660 | D87: 7030-1710 Y 7030-1711 | E87: PROM | F87: LIMITE DE CREDITO: $800,000.00
C88: OTRA SUCURSAL DE FRENBAL | D88: gabrielrfbe@yahoo.com.mx | E88: 35425.83
C89: COMPRA TMDL, AKEBONO, SUPER CERAMIC, METALLIC, FLEET, COBREQ
A90: L | B90: 1042 | C90: DIANA CHAVEZ DE LA SOTA | D90: JAVIER DE LA TORRE (COMPRAS) | E90: 30 D. | F90: OBSERVACIONES Y/O COMENTARIOS
C91: PROLONGACIÓN DIVISION DEL NORTE N°56 | D91: SECRETARIA SALOME | E91: 75.70% GRAL. | F91: LIMITE DE CREDITO: $135,000.00
C92: COL. EJIDO DE HUIPULCO C.P. 14390 | D92: 5603-1548 | E92: 78.00% SELEC | F92: HABLARLE HASTA 2 VECES A LA SEMANA
C93: TLALPAN DF | D93: 5603 5239 | E93: PROM | F93: METODO DE PAGO: CHEQUE
C94: NEGOCIO "C Y F VILLACOAPA" | D94: cyfvzoe@gmail.com | E94: =VLOOKUP(C90,'[1]1.GERARDO ALPIZAR'!$D$6:$Q$60,14,0) -> 32795.103 | F94: NO BACK ORDER
C95: COMPRA TMDAL, AKEBONO, SELECTRUM Y SUPER CERAMIC | D95: FACTURAS: diana.chavez.fact@gmail.com
A96: L | B96: 51 | C96: OSCAR SANTILLAN CADENA | D96: DUEÑO OSCAR SANTILLAN | E96: 30 D. | F96: OBSERVACIONES Y/O COMENTARIOS
C97: BLVD. ADOLFO LÓPEZ MATEOS # 1467 INT.203A | D97: COMPRAS ALBERTO LARA | E97: 74.35% 77.00% AKEB | F97: LIMITE DE CREDITO: $160,000.00
C98: COL. SANTA MARÍA NONOALCO C.P.01420 | D98: 4751-1050 | E98: 76.00% PRIVADAS | F98: METODO DE PAGO: CHEQUE
C99: ALVARO OBREGON, D.F. | D99: 5651-4091 CEL. 55 1053 1779 | E99: PROM
C100: NEGOCIO "REFACCIONARIA SANTILLAN" | D100: autopartes.santillan@hotmail.com | E100: =VLOOKUP(C96,'[1]1.GERARDO ALPIZAR'!$D$6:$Q$60,14,0) -> 24502.34
C101: COMPRA TEXTAR, COBREQ, AKEBONO Y SUPER CERAMIC
...

Sheet FORANEO
A1: CORPORATIVO AUTO REFACCIONES DE CALIDAD S.A. DE C.V.
A2: CLIENTES FORANEOS ZONA 1 GERARDO ALPIZAR
F3: ULTIMA FECHA DE MODIFICACION 03/04/2022
A4: AGUASCALIENTES
A5: Z | B5: No. | C5: CLIENTE | D5: CONTACTO | E5: CRED. Y COND. | F5: OBSERVACIONES Y/O COMENTARIOS
A6: F | B6: 996 | C6: VERONICA NOEMI MEDINA DIAZ | D6: VERONICA N. MEDINA | E6: 30 DIAS CREDITO | F6: FLETERA:POTOSINOS, OCURRE, POR COBRAR
C7: AV. AGUASCALIENTES No. 338 ENTRE AV. DE LOS MAESTROS Y | D7: 449 914 4663 EXT.102 CEL. 449 117 7561 | E7: DESC GRAL 77.20%
C8: GENERAL FORTUNATO MAYCOTE COL. COLINAS DEL RIO | D8: agsveronica@hotmail.com | E8: AKEB 77%
C9: AGUASCALIENTES, C.P. 20010 | E9: PROM
C10: COMPRA TEXTAR, AKEBONO Y PRIVADAS | E10: 13510.89
A11: COAHUILA
A12: TORREÓN | B12: 1679 | C12: LILIANA CANSINO RUBIO | D12: CONTACTO RICARDO RIVERA | E12: CONTADO | F12: ANTES: RICARDO RIVERA DOMINGUEZ
C13: CALLE TREVIÑO No.4 SUR | D13: 871 7160 439 | E13: DESC GRAL 77.91% | F13: LIMITE DE CREDITO: $150,000.00
C14: COL. CENTRO | D14: FACTURAS y LISTAS | F14: METODO DE PAGO TRANSFERENCIA 03
C15: TORREON COAHUILA, C. P. 27000 | D15: drcfrenos@gmail.com | E15: PROM
C16: COMPRA : TEXTAR, SUPERCERAMIC | D16: frenosrivera@prodigy.net.mx | E16: 5222.58
A17: CUERNAVACA
A18: F | B18: 1811 | C18: ADRIANA BUSTAMANTE ALMEDA | D18: SRA. ADRIANA | F18: LIMITE DE CREDITO $23,948.95
C19: BLVD. PASEO CUAUHNAHUAC | D19: MARIBEL MOSTRADOR 01777 399-4123 / 01777 315 0632 | E19: DESC. GRAL. 78.52%
C20: COL. SATELITE | D20: 01 777 3224 524 | E20: PROM
C21: MUNICIPIO. CUERNAVACA | D21: 0177 7322 4524 OTRA SUCURSAL LIZET
C22: EDO. MORELOS | D22: WHATSAP: 044 777 25 00100
C23: CP. 62460 | D23: vmanuelm_elchato@hotmail.com / busalmeda24@gmail.com
A24: Z | B24: No. | C24: CLIENTE | D24: CONTACTO | E24: CRED. Y COND. | F24: OBSERVACIONES Y/O COMENTARIOS
A25: F | B25: 71 | C25: VICTOR MANUEL MARTINEZ JIMENEZ | D25: DUEÑO VICTOR MANUEL MARTINEZ | E25: 30 D. | F25: LIMITE DE CREDITO $350,000
C26: HELIOTROPO S/N. COL. SATELITE CP 62460 | D26: COMPRAS ESPOSA SRA. ADRIANA , MARIBEL CONTADORA | F26: METODO DE PAGO : CHEQUE
C27: CUERNAVACA, MORELOS | D27: MARIBEL MOSTRADOR 01777 399-4123 / 01 777 315 0632 | E27: DESC.GRAL.78.52%
C28: NEGOCIO "FRENOS Y COMPLEMENTOS CHATO" | D28: 0177 7322 4524 OTRA SUCURSAL | E28: PROM | F28: FLETERA: AUTOBUSES DE PRIM. CLASE M. ZACATEPEC
C29: COMPRA TEXTAR, AKEBONO, SUPER CERAMIC | D29: CONTADORA frenoschato73@hotmail.com | F29: OCASIONALMENTE LOGISTICOS JT
D30: LISTAS vmanuelm_elchato@hotmail.com | E30: 49104.55 | F30: OCURRE
D31: WHATSAP: 044 777 25 00100
A32: DURANGO
A33: Z | B33: No. | C33: CLIENTE | D33: CONTACTO | F33: OBSERVACIONES Y/O COMENTARIOS
A34: F | C34: MUELLES Y BALATAS DEL GUADIANA SA DE CV | D34: SRITA AURELIA 016188170165 COMPRAS:SR.ADOLFO MATUB | E34: CREDITO 30 DIAS
C35: CALLE AV. 20 DE NOVIEMBRE No 606 | D35: SRITA. JENNY 618 817 0993 | E35: DES. GRAL 76.25% | F35: LIMITE DE CREDITO :$105,000
B36: 56 | C36: COL. ZONA CENTRO | D36: FACTURAS Y LISTAS
C37: DURANGO DURANGO, C. P. 34000 | D37: mbgpagos@hotmail.com/mubgcredito@hotmail.com | E37: PROM | F37: METODO DE PAGO 02 CHEQUE
C38: COMPRA TEXTAR,AKEBONO,SUPERCERAMIC,S. METALLIC | D38: ventas03mbg@hotmail.com | F38: FLETE POR TRES GUERRAS A DOMICILIO POR COBRAR
D39: GERENTE ADM. CARLOS MATUB
A40: GUERRERO
A41: Z | B41: No. | C41: CLIENTE | D41: CONTACTO | E41: CRED. Y COND. | F41: OBSERVACIONES Y/O COMENTARIOS
A42: F | B42: 2042 | C42: ADELINA CUEVAS RODRIGUEZ | D42: BALTAZAR FERNANDEZ COMPRAS HIJO | E42: CREDITO 8 DIAS | F42: LIMITE DE CREDITO:$50,000
C43: CALZADA EMILIANO ZAPATA #10 COL. EMILIANO ZAPATA | D43: JULIAN CUAUHTEMOC DUEÑO PAPÁ | F43: METODO DE PAGO:TRANSFERENCIA
C44: C.P. 40400 TELOLOAPAN, GRO | D44: 01 736 3660 608 | E44: DESC.GRAL. 77.50% | F44: PAQUETERIA SECOR
C45: NEGOCIO "REFACCIONARIA CUAHUTEMOC" | D45: refa_temo@yahoo.com.mx | E45: PROM | F45: DIRECCION DE NETREGA: CALZ. EMILIANO ZAPATA N.90
C46: COMPRA ,AKEBONO , TEXTAR, OCD | E46: 3308.03
C47: ANTES FACTURABA COMO:
C48: JULIAN CUAUHTEMOC FERNANDEZ SALGADO
D49: ZONA CHIHUAHUA
A50: Z | B50: No. | C50: CLIENTE | D50: CONTACTO | E50: CRED. Y COND. | F50: OBSERVACIONES Y/O COMENTARIOS
A51: F | B51: 48 | C51: FRENOS CHIHUAHUA, S.A. DE C.V. | D51: DUEÑO ING. JUAN ANGEL ANAYA Y COMPRAS | E51: 30 D. | F51: LIMITE DE CREDITO: $40,000.00
C52: ESCUDERO # 2302 COL. SANTO NIÑO | D52: frenoschihuahua@hotmail.com | E52: DESC GRAL. 76.25%
C53: C.P. 31200 CHIHUAHUA, CHIH. | D53: TEL. 01 614 414 1510 CEL. 045 614 369 8922 (MA. EUGENIA) | E53: AKEBONO 77%
C54: ES = JUAN ANGEL ANAYA COMPRA AKEBONO GRAL. 75% | D54: CONTESTA MA EUGENIA ANAYA | E54: PROM
C55: COMPRA AKEBONO Y TMDAL | E55: 2754.52
A56: TABASCO
A57: Z | B57: No. | C57: CLIENTE | D57: CONTACTO | E57: CRED. Y COND. | F57: OBSERVACIONES Y/O COMENTARIOS
A58: COMALCALCO | B58: 874 | C58: ROXANA CORDOVA ANGELES | E58: CONTADO | F58: METODO DE PAGO: TRANSFERENCIA
C59: ADOLFO LOPEZ MATEOS S/N | D59: DUEÑO Y CONTACTO JOSE F. CORDOVA | E59: GRAL.75% | F59: FLETERA: PERLI EXPRESS A DOMICILIO
C60: COL. CENTRO | D60: 045 933 111 4421 | E60: AKEBONO 77% | F60: OCASIONAL TRANSPORTES CASTORES
C61: COMALCALCO, TABASCO C.P. 86300 | D61: coran28@outlook.com | E61: PROM | F61: ANTES FACTURABA COMO: JOSE FRANCISCO CORDOVA
C62: COMPRA TEXTAR, OE SUPER CERAMIC | D62: refa_tico@outlook.com | E62: 3323.27 | F62: ANGLES
A63: TAMAULIPAS | D63: TAMAULIPAS
A64: Z | B64: No. | C64: CLIENTE | D64: CONTACTO | E64: CRED. Y COND. | F64: OBSERVACIONES Y/O COMENTARIOS
A65: F | B65: 1996 | C65: FRENCO | E65: 30 D. | F65: METODO DE PAGO PPD
C66: FRANCISCO SARABIA N°1403 COL. PRIMERO DE MAYO | D66: Y/O HECTOR SARMIENTO | E66: GRAL 76.25%
C67: C.P: 89450 | D67: 833-12623-25 / 2145-250/833 126 0302 | E67: PROM
C68: NOMBRE DEL TALLER/ REFACCIONARIA "FRENCO MEXICO" | D68: CORREO SR. HECTOR frenco.hsc@gmail.com
D69: LISTAS frenco.mostrador@gmail.com
A70: TOLUCA
A71: Z | B71: No. | C71: CLIENTE | D71: CONTACTO | E71: CRED. Y COND. | F71: OBSERVACIONES Y/O COMENTARIOS
A72: F | B72: 424 | C72: RICARDO SALVADOR RODRIGUEZ JUÁREZ | D72: DUEÑO RICARDO SALVADOR | E72: CREDITO 40 DIAS | F72: LIMITE DE CREDITO $245,000
C73: JOSE MARIA PINO SUAREZ SUR # 1519 | D73: COMPRAS OMAR MANJARREZ | E73: TEXTAR 76.98% | F73: METODO DE PAGO: TRANSFERENCIA
C74: COL. NUEVA SANTA MARIA LAS ROSAS | D74: CEL OMAR 722 228 3041 | E74: PRIVADAS 76.98% | F74: RUTA DE JUEVES
D75: omarmanjarez81@gmail.com | F75: compras@grupo-ar.mx Jesica
C76: C.P. 50140 TOLUCA, EM | D76: 722 2773 007 - CONTABILIDAD 722 54 22 425 | E76: 78.00% AKEB
C77: NEGOCIO "CLUTCH Y FRENOS RODRIGUEZ" | D77: frenos.ventas@grupo-ar.mx LISTA DE PRECIOS | E77: PROM
C78: COMPRA TEXTAR, AKEBONO, | D78: abraham.urchid@grupo-ar.mx | E78: 100809.68 | F78: 722-228-62 62
C79: SUPER CERAMIC Y METALLIC | D79: ric_pisis@hotmail.com
D80: ricardo.rodriguez@grupo-ar.mx
A81: F | B81: 880 | C81: ESPERANZA MONTIEL ONTIVEROS | D81: COMPRAS HUGO | E81: CREDITO 15 DIAS | F81: OBSERVACIONES Y/O COMENTARIOS
C82: AV. SOLIDARIDAD LAS TORRES | D82: 01 722 223 4537 | E82: TEXTAR Y PRIVADAS 75.70% | F82: LIMITE DE CREDITO: $150,000
C83: COL. SEMINARIO 1A, 2A Y 3A SECCION TOLUCA, EDO. DE MEX. | D83: rossbernalb@hotmail.com | E83: 77.00% AKEB | F83: RUTA DE JUEVES
D84: CELULAR HUGO 045 722 510 8038 | E84: PROM | F84: METODO DE PAGO: OTROS 99
D85: FACTURAS: pemontiel@yahoo.com.mx | E85: 24425.72
C86: COMPRATEXTAR, AKEBONO, S. CERAMIC, METALLIC Y FLEET
A87: T | B87: 798 | C87: AURORA TASHELY BRAVO WOLFE | D87: CONTACTO COMPRAS Y DUEÑO MELCHOR PEREZ HIJO | E87: CREDITO 30 DIAS | F87: OBSERVACIONES Y/O COMENTARIOS
C88: AV. SOLIDARIDAD LAS TORRES No. 1-A int. 88 C.P. 52105 | D88: Ó ESPOSA AURORA TASHELY | E88: TEXTAR Y PRIVADAS 76.42% | F88: METODO DE PAGO:TRANSFERENCIA
C89: COL. ALVARO OBREGON MUNC. SAN MATEO ATENCO EDO. DE MEX. | D89: serviciowolfe_xml@hotmail.com | E89: 77.00% AKEB | F89: RUTA JUEVES
D90: SRA. AURORA tashely@hotmail.com | E90: PROM
D91: 01722 5226535 / 01 722 962 1018 | E91: 15234
C92: COMPRA , TEXTAR, AKEBONO, SUPER CERAMIC | D92: 01 722 177 62 20
C93: AUTO PARTES Y SERVICIOS KOI S.A. DE C.V | D93: (COMPRAS) AURORA TASHLEY O MELCHOR PEREZ | E93: CREDITO 30 DIAS | F93: OBSERVACIONES Y/O COMENTARIOS
C94: NOMBRE DEL NEGOCIO "FRENOS MANDIBULA" | D94: 01 722 213 28 49 | E94: DESC GRAL. 77.59% | F94: METODO DE PAGO - PPD
A95: F | B95: 1933 | C95: MORELOS Nº 746-C | E95: AKEB 78.50% | F95: LIMITE DE CREDITO $245,000
C96: COL. SAN SEBASTIAN | D96: mandibulafrenos@yahoo.com.mx | E96: PROM
C97: TOLUCA, ESTADO DE MEXICO
C98: C.P.50150
A99: VERACRUZ
A100: Z | B100: No. | C100: CLIENTE | D100: CONTACTO | E100: CRED. Y COND. | F100: OBSERVACIONES Y/O COMENTARIOS
...

Sheet RUTA 1
A1: CORPORATIVO AUTO REFACCIONES DE CALIDAD S.A. DE C.V.
A2: CARTERA GERARDO ALPIZAR
A3: RUTA 1
A4: Z | B4: No. | C4: CLIENTE | D4: CONTACTO | E4: CRED. Y COND. | F4: OBSERVACIONES Y/O COMENTARIOS
A5: L | B5: 51 | C5: OSCAR SANTILLAN CADENA | D5: DUEÑO OSCAR SANTILLAN | E5: 30 D.
C6: BLVD. ADOLFO LÓPEZ MATEOS # 1467 INT.203A | D6: COMPRAS ALBERTO LARA | E6: 0.735
C7: COL. SANTA MARÍA NONOALCO C.P.01420 | D7: 5331-2562
C8: ALVARO OBREGON, D.F. | D8: 5651-4091 | E8: PROM
C9: NEGOCIO "REFACCIONARIA SANTILLAN" | D9: autopartes.santillan@hotmail.com | E9: =VLOOKUP(C5,'[2]1.GERARDO ALPIZAR'!$D$6:$Q$61,14,0) -> 12010.845
C10: COMPRA TMDL, COBREQ, AKEBONO Y SUPER CERAMIC
A11: L | B11: 820 | C11: JENIFFER NAYELLI PEREZ LOPEZ | D11: ALMA DUEÑA Y COMPRAS | E11: 30 D. | F11: OBSERVACIONES Y/O COMENTARIOS
C12: SAN FEDERICO MZ. 2 LT. 9 COL. PEDREGAL DE STA. URSULA COAPA | D12: 5677 2540 | E12: 0.753
C13: DEL. COYOACAN, D.F. C.P. 04600 | D13: proveedoresleal@gmail.com | E13: PROM
E14: =VLOOKUP(C11,'[2]1.GERARDO ALPIZAR'!$D$6:$Q$61,14,0) -> 15851.049
C15: COMPRA TMDAL, SELECTRUM Y SUPER METALLIC
A16: L | B16: 1042 | C16: DIANA CHAVEZ DE LA SOTA | E16: 30 D. | F16: OBSERVACIONES Y/O COMENTARIOS
C17: PROLONGACIÓN DIVISION DEL NORTE N°56 | D17: JAVIER DE LA TORRE (COMPRAS) | E17: 75.70% GRAL.
C18: COL. EJIDO DE HUIPULCO C.P. 14390 | D18: 5603-1548
C19: TLALPAN DF | D19: 5603 5239 | E19: PROM
C20: NEGOCIO "C Y F VILLACOAPA" | E20: =VLOOKUP(C16,'[2]1.GERARDO ALPIZAR'!$D$6:$Q$61,14,0) -> 24866.523
C21: COMPRA TMDAL, AKEBONO, SELECTRUM Y SUPER CERAMIC | D21: cyfvzoe@gmail.com
A22: L | B22: 111 | C22: ROSA HILDA RAMIREZ REYES | D22: DUEÑA ROSA HILDA CONTACTO COMPRAS ANITA | E22: 35 D. | F22: OBSERVACIONES Y/O COMENTARIOS
C23: AV.CANAL DE MIRAMONTES # 2414 LOCAL D | D23: hramirez5@hotmail.com LISTAS Y OTROS | E23: 0.7772
C24: COL. AVANTE C.P.4460 COYOACAN, D.F. | D24: miramontes@fren-balexpress.com FACTURAS | E24: PROM
C25: NEGOCIO "FRENBAL MIRAMONTES" | D25: 6277-8639 / 6278 6285 | E25: =VLOOKUP(C22,'[2]1.GERARDO ALPIZAR'!$D$6:$Q$61,14,0) -> 67299.631
C26: COMPRA TMDL, AKEBONO, COBREQ, SELECTRUM Y SUPER CERAMIC | D26: 5678-5480
A27: L | B27: 1000 | C27: JOSE OCTAVIO RAMIREZ REYES | D27: OCTAVIO PEDIDOS POR RADIO | E27: 35 D. | F27: OBSERVACIONES Y/O COMENTARIOS
C28: TRABAJADORAS SOCIALES # 97 COL. SIFON | D28: LUIS PEDIDOS TELEFONICOS | E28: 0.7772
C29: C.P. 9400 IZTAPALAPA, D.F. | D29: luisjavierramirezcedillo@yahoo.com.mx | E29: PROM
C30: NEGOCIO "FRENBAL" | D30: 5686 5792 | E30: =VLOOKUP(C27,'[2]1.GERARDO ALPIZAR'!$D$6:$Q$61,14,0) -> 98474.886
C31: COMPRA TMDAL, AKEBONO, COBREQ, SELECTRUM Y SUPER CERAMIC | D31: NEXTEL OCTAVIO 3625 1405
A32: L | B32: 863 | C32: SILVIA MARLENE CRUZ REBOLLO | D32: MARCO ANTONIO ALFARO | E32: 21 D. | F32: OBSERVACIONES Y/O COMENTARIOS
C33: CANAL DEL MORAL MZA 3 LT.3 COL. GUADALUPE DEL MORAL | D33: 5694-9306 | E33: 0.73
C34: DISTRITO FEDERAL, DEL. IZTAPALAPA C.P. 09300 | D34: ventas@migsabrakes.com | E34: PROM
E35: =VLOOKUP(C32,'[2]1.GERARDO ALPIZAR'!$D$6:$Q$61,14,0) -> 10618.792
C36: COMPRA OE SUPER METALLIC PLUS, OE SUPER CERAMIC
A37: L | B37: 8 | C37: EDUARDO DELHUMEAU GONZALEZ | D37: ALEJANDRO | E37: 45 D. | F37: OBSERVACIONES Y/O COMENTARIOS
C38: CALLE 11 DE AGOSTO DE 1859 MZ. 123 LT 1312 A C.P. 09310 | D38: 5640 7698 | E38: 0.7814
C39: COL. LEYES DE REFORMA TERCERA SECC. D.F. DEL IZTAPALAPA | D39: fastfrenos@gmail.com | E39: PROM
E40: =VLOOKUP(C37,'[2]4.J.C.CORBELLO'!$D$6:$Q$26,14,0) -> #N/A
C41: COMPRA TEXTAR, SUPER CERAMIC, METALLIC Y FLEET
A42: L | B42: 863 | C42: BERENICE RAMIREZ GARCIA | D42: COMPRAS ANTONIO RAMIREZ | E42: 35 D. | F42: OBSERVACIONES Y/O COMENTARIOS
C43: JAVIER ROJO GOMEZ No. 170 LOCAL A COL. AGRICOLA ORIENTAL | D43: 5115-4501 5115-4502 | E43: 0.7772
C44: DEL. IZTACALCO DISTRITO FEDERAL | D44: asaelrg@gmail.com | E44: PROM
E45: =VLOOKUP(C42,'[2]1.GERARDO ALPIZAR'!$D$6:$Q$60,14,0) -> 35719.405
C46: COMPRA TMDL, AKEBONO, SUPER CERAMIC, METALLIC, FLEET

Sheet RUTA 2
A1: CORPORATIVO AUTO REFACCIONES DE CALIDAD S.A. DE C.V.
A2: CARTERA GERARDO ALPIZAR
A3: RUTA 2
A4: Z | B4: No. | C4: CLIENTE | D4: CONTACTO | E4: CRED. Y COND. | F4: OBSERVACIONES Y/O COMENTARIOS
A5: L | B5: 724 | C5: CLUTCH Y FRENOS ATIZAPAN, S.A. DE C.V. | D5: DUEÑO JESUS GARCIA | E5: 30 D.
C6: CERRADA DE LOS ALCANFORES 1-A | D6: CONTACTO MARICARMEN | E6: 0.73
C7: COL. EL POTRERO C.P. 52975 | E7: PROM
C8: ATIZAPAN DE ZARAGOZA, EDO. DE MEX. | D8: cyfasa@hotmail.com | E8: =VLOOKUP(C5,'[2]1.GERARDO ALPIZAR'!$D$6:$Q$60,14,0) -> 12714.746
C9: COMPRA TEXTAR, AKEBONO, SUPER CERAMIC, METALLIC
A10: L | B10: 1026 | C10: RENTAFIN, S.A. DE C.V. | D10: GUILLERMO SANCHEZ GERENTE | E10: 30 D. | F10: OBSERVACIONES Y/O COMENTARIOS
C11: PARQUE DE GRANADA # 71 INT 404. COL.PARQUES | D11: CONTACTO COMPRAS CLAUDIA ZEPEDA | E11: 0.757
C12: DE LA HERRADURA C.P. 52786 | F12: DISTRIB. AGENCIAS ACURA
C13: HUIXQUILUCAN, EDO. DE MEX. | D13: czepeda@rentafin.com.mx | E13: PROM
D14: Guillermo.Sanchez@grupolecumberri.com | E14: =VLOOKUP(C10,'[2]1.GERARDO ALPIZAR'!$D$6:$Q$56,14,0) -> 73846.259
C15: COMPRA AKEBONO, SUPER CERAMIC
A16: L | B16: 133 | C16: DON MANTENIMIENTO VEHICULAR, S.A. DE C.V. | D16: DUEÑO DON MELCHOR PEREZ MORALES (PAPÁ) | E16: 30 D.
C17: AV. PALO SOLO # 57. COL. PALO SOLO | D17: ROSARIO PAGOS Y CORREOS | E17: 0.7642
C18: C.P. 52778 HUIXQUILUCAN ESTADO DE MEXICO | D18: charo_flores070792@hotmail.com | E18: PROM
D19: charo.donfrenos@hotmail.com | E19: =VLOOKUP(C16,'[2]1.GERARDO ALPIZAR'!$D$6:$Q$54,14,0) -> 84889.93
C20: COMPRA TMDAL, SUPER CERAMIC, METALLIC Y FLEET | D20: 5291 3726
A21: L | B21: 5 | C21: FRENOS ZAIYER, S.A. DE C.V. | D21: DUEÑA SRA GEMA CASTRO ALBARRAN | E21: 30 D. | F21: OBSERVACIONES Y/O COMENTARIOS
C22: AV. JESUS CARRANZA N°7 | D22: COMPRAS ISAURO, ENRIQUE Y RAMON | E22: 0.7294
C23: COL. HUIZACHAL C.P. 53840 | D23: 55 89 00 79 | E23: PROM
C24: NAUCALPAN EDO. MEX. | D24: 5589 1675 | E24: =VLOOKUP(C21,'[2]1.GERARDO ALPIZAR'!$D$6:$Q$52,14,0) -> 24532.116
C25: COMPRA TMDAL, AKEBONO, COBREQ Y SUPER CERAMIC | D25: zaiyer@prodigy.net.mx
A26: L | B26: 613 | C26: ALEJANDRO ZAVALA FLORES | D26: DUEÑO ALEJANDRO ZAVALA FLORES | E26: 30 D. | F26: OBSERVACIONES Y/O COMENTARIOS
C27: NICOLAS BRAVO # 17 COL. AZCAPOTZALCO CENTRO C.P. 02000 | D27: CONTACTO COMPRAS ERICK ALVAREZ | E27: 76.25% GRAL. 78% PRIV.
C28: AZCAPOTZALCO, DF | D28: PAGOS LUZ MARIA MARTINEZ | E28: PROM
C29: NEGOCIO "ECOBRAKE" | D29: 5353 2615 / 5347 6448 | E29: =VLOOKUP(C26,'[2]1.GERARDO ALPIZAR'!$D$6:$Q$58,14,0) -> 94327.042
C30: COMPRA AKEBONO, TXT, COBREQ YSUPER CERAMIC | D30: ecobrake_eduardo@yahoo.com.mx
A31: L | B31: 1089 | C31: MARCO ANTONIO CARACHURE JAIMES | D31: COMPRAS SR. ADRIAN GONZALEZ | E31: CONTADO | F31: OBSERVACIONES Y/O COMENTARIOS
C32: AV. CUITLAHUAC No. 253 B COL. PRO-HOGAR | D32: 5556-4398 | E32: 0.757
C33: AZCAPOTZALCO, DISTRITO FEDERAL C.P. 02600 | D33: balatasymas@protonmail.com | E33: PROM
C35: COMPRA OE SUPER CERAMIC
A36: L | B36: 698 | C36: COMERCIALIZADORA AUTOMOTRIZ RODRIGUEZ , SA DE CV | D36: PAGOS JOSEFINA LOPEZ | E36: 40 D. | F36: OBSERVACIONES Y/O COMENTARIOS
C37: AV. CUITLAHUAC No. 300 LOCAL A Y B COL. ALDANA C.P. 02910 | D37: CONTACTO COMPRAS JESUS | E37: 0.7577
C38: DISTRITO FEDERAL, DEL. AZCAPOTZALCO | D38: 5386-7732 / 5399 5176 | E38: PROM
D39: comercializadora_arsa@yahoo.com.mx | E39: =VLOOKUP(C36,'[2]1.GERARDO ALPIZAR'!$D$6:$Q$52,14,0) -> #N/A
C40: COMPRA TMDAL, AKEBONO | D40: DUEÑO RICARDO SALVADOR
A41: A | B41: 836 | C41: MARIA DE LOURDES CASILLAS HERNANDEZ | D41: mega_ariza@outlook.com | E41: 30 D | F41: OBSERVACIONES Y/O COMENTARIOS
C42: SAN JUAN DE ARAGON # 849 COL AMPL. CASAS ALEMAN | D42: SR. ARIZA (COMPRAS) | E42: 74.35% AKEBONO: 76.91%
C43: GUSTAVO A. MADERO DF CP 07580 | D43: ELIZA MOSTRADOR 5757 0766 | E43: PROM | F43: ANTES IVAN RAMSES
C44: NEGOCIO "MEGA SUSPENSIONES BRAKE 2000" | D44: CONTADOR BLANQUIER 5737-7993 CEL. 0445591958094 | E44: =VLOOKUP(C41,'[2]1.GERARDO ALPIZAR'!$D$6:$Q$52,14,0) -> 277992.88
C45: COMPRA TMDL, AKEBONO, COBREQ, SUPER CERAMIC, METALLIC Y FLEET | D45: 5737 0899/ 5753 4506

Sheet LUNES
A1: CORPORATIVO AUTO REFACCIONES DE CALIDAD S.A. DE C.V.
A2: CARTERA GERARDO ALPIZAR
F3: =FORANEO!F3 -> ULTIMA FECHA DE MODIFICACION 03/04/2022
A4: RUTA LUNES
A5: Z | B5: No. | C5: CLIENTE | D5: CONTACTO | E5: CRED. Y COND. | F5: OBSERVACIONES Y/O COMENTARIOS
A6: L | B6: 1225 | C6: SOLEDAD CALDERON ROCHA | D6: COMPRAS JESUS GARCIA GONZALEZ | E6: CREDITO 30 DIAS | F6: DIRECCION: 3RA CERRADA DE LAS AGUILAS
C7: TARANGO Mz. 1 Lt. 6 COL. LAS AGUILAS AMPLIACION | D7: CEL. 55 3984 7114 | E7: DESC. 30% | F7: No. 12 COL. AMPL. LAS AGUILAS
C8: ALCALDÍA ALVARO OBREGON, CDMX C.P. 01759 | D8: LOCAL 55 5593-2243 ó 554393 7428
C9: NEGOCIO "REFACCIONARIA DANY" | D9: refadany.jesus@gmail.com | E9: PROM
C10: COMPRA TEXTAR, AKEBONO Y PRIVADAS | D10: FACTURAS : solis_cr7@hotmail.com | E10: 48854.385
A11: L | B11: 820 | C11: JENIFFER NAYELLI PEREZ LOPEZ | D11: ALMA DUEÑA Y COMPRAS | E11: CREDITO 30 DIAS | F11: OBSERVACIONES Y/O COMENTARIOS
C12: SAN FEDERICO MZ. 2 LT. 9 COL. PEDREGAL DE | D12: 55 5677 2540 | E12: DESC. 30% | F12: LIMITE DE CREDITO: $80,000.00
C13: STA URSULA COAPA | D13: CEL. 55 1345 1323
C14: ALCALDÍA COYOACAN, CDMX C.P. 04600 | D14: proveedoresleal@gmail.com | E14: PROM
C15: COMPRA TEXTAR, AKEBONO Y PRIVADAS | E15: 24112.684
A16: L | B16: 1042 | C16: DIANA CHAVEZ DE LA SOTA | D16: JAVIER DE LA TORRE (COMPRAS) | E16: CREDITO 30 DIAS | F16: OBSERVACIONES Y/O COMENTARIOS
C17: PROLONGACIÓN DIVISION DEL NORTE N°56 | D17: SECRETARIA SALOME | F17: LIMITE DE CREDITO: $135,000.00
C18: COL. EX HACIENDA SAN JUAN DE DIOS C.P. 14380 | D18: 55 5603 1548 - 55 5603 5239 | E18: DESC. 25%
C19: ALCALDÍA TLALPAN, CDMX | D19: CEL. SR. JAVIER 55 3383 1042
C20: NEGOCIO "C Y F VILLACOAPA" | D20: diana.chavez.fact@gmail.com | E20: PROM
C21: COMPRA TEXTAR, MARCAS PRIVADAS | E21: 33306.059
A22: L | B22: 111 | C22: ROSA HILDA RAMIREZ REYES | D22: ROSA HILDA O MARICELA | F22: OBSERVACIONES Y/O COMENTARIOS
C23: AV.CANAL DE MIRAMONTES # 2414 LOCAL D | D23: hramirez5@hotmail.com LISTAS | E23: CREDITO 35 DIAS
C24: COL. AVANTE C.P.4460 ALCALDÍA COYOACAN, CDMX | D24: miramontes@fren-balexpress.com FACTURAS | E24: DESC. 30%
C25: NEGOCIO "FRENBAL MIRAMONTES" | D25: 55 6277-8639 / 55 6278 6285 | E25: PROM
C26: COMPRA TEXTAR, AKEBONO Y PRIVADAS | D26: 555678-5480 CEL 55 1865 6589 | E26: 30962.511
A27: L | B27: 1000 | C27: JOSE OCTAVIO RAMIREZ REYES | D27: OCTAVIO Y DANIEL PEDIDOS POR WHATS | E27: CREDITO 35 DIAS | F27: OBSERVACIONES Y/O COMENTARIOS
C28: TRABAJADORAS SOCIALES # 97 COL. SIFON | D28: LOCAL: 55 5686 5792 - 55 5633 8957 | E28: DESC. 30% | F28: LIMITE DE CREDITO: $850,000.00
C29: ALCALDÍA IZTAPALAPA | D29: CELULAR 55 3625 1405
C30: C.P. 9400 CDMX | D30: FACTURAS: eje6@fren-balexpress.com | E30: PROM
C31: NEGOCIO "FRENBAL EXPRESS " | D31: LISTAS : frenbaldaniel_rc@yahoo.com.mx | E31: 36141.133
C32: COMPRA TEXTAR, AKEBONO Y PRIVADAS | D32: joctavio.ramirez@gmail.com
A33: L | B33: 1697 | C33: COMERCIALIZADORA FAST FRENOS, S.A. DE C.V. | D33: ALEJANDRO GONZALEZ | E33: 45 DIAS | F33: OBSERVACIONES Y/O COMENTARIOS
C34: AV. LEYES DE REFORMA 3RA SECC. | D34: 55 5640 7698 | E34: DESC. 37.50%
C35: MANZANA 123 LOTE 1312 A-1 IZTAPALAPA CDMX. | D35: CELUAR ALEX 55 8740 6950 | F35: SOLO LINEA AKEBONO
C36: COL. LEYES DE REFORMA 3RA. SECC. | D36: fastfrenos@gmail.com; facturacion@fastfrenos.com.mx | E36: PROM
C37: COMPRA TEXTAR,AKEBONO Y PRIVADAS | D37: DUEÑO EDUARDO DELHUMEAU | E37: 115762.04
A38: L | B38: 94 | C38: BEATRIZ RUIZ PEREZ | D38: COMPRAS RICARDO O ELIOT | E38: CREDITO 30 DIAS | F38: OBSERVACIONES Y COMENTARIOS
C39: AV. GUADIANA # 905. COL VALLE DE ARAGON C.P. 55235 | D39: DUEÑO SR. RUBEN SANABRIA | E39: DES. 37.50% | F39: SIN LIMITE DE CREDITO
C40: ECATEPEC, EDO DE MEX | D40: balatas.sanabria@gmail.com
C41: NEGOCIO "CLUTCH Y FRENOS SANABRIA" | D41: LOCAL 55 5783 7107 | E41: PROM
C42: COMPRA TEXTAR, AKEBONO Y PRIVADAS | D42: CEL. RIC. 551970-2304 DANI - 55 39 40 00 56 | E42: 193632.71
D43: PROMEDIO TOTAL 2021 | E43: =(E10+E15+E21+E26+E31+E37+E42) -> 482771.52 | F43: * PROMEDIO DE ENERO ADIC 2021
B44: TIPO DE CLIENTE / ZONA
B45: A | C45: CLIENTES DE CORPORATIVO
B46: B | C46: CLIENTES QUE HE LOGRADO
B47: C | C47: PROSPECTOS
B48: L | C48: LOCAL
B49: F | C49: FÓRANEO
B50: EDO | C50: INICIAL DEL ESTADO

Sheet PROMS
A1: Cliente | B1: 12
A2: BEATRIZ RUIZ PEREZ | B2: 205426.28 | C2: 222108.03 | D2: 264331.82 | E2: 304841.78 | F2: 116728.94 | G2: 180271.95 | H2: 185523.29 | I2: 118543.3 | J2: 200409.96 | K2: 123311.7 | L2: 181896.4 | M2: 220199.11 | N2: 193632.71
A3: LUCIO RAMIREZ SANDOVAL | B3: 304966.26 | C3: 164310 | D3: 585.78 | E3: 6715.96 | F3: 55012.24 | G3: 474549.22 | H3: 176165.1 | I3: 131520.92 | J3: 34742.53 | K3: 207012.37 | L3: 291432.84 | M3: 205397.55 | N3: 171034.23
A4: RICARDO SALVADOR RODRIGUEZ JUÁREZ | B4: 110696.74 | C4: 117836.47 | D4: 127459.19 | E4: 110939.81 | F4: 140214.88 | G4: 108107.21 | H4: 177992.91 | I4: 171503.7 | J4: 127792.43 | K4: 79633.72 | L4: 83052.36 | M4: 118803.51 | N4: 122836.08
A5: COMERCIALIZADORA FAST FRENOS SA DE CV | B5: 67111.7 | C5: 95401.26 | D5: 43210.44 | E5: 301305.98 | F5: 168894.19 | G5: 11042.64 | H5: 49551.91 | I5: 171908.36 | J5: 139428.93 | K5: 49561.9 | L5: 192726.78 | M5: 99000.34 | N5: 115762.04
A6: DON MANTENIMIENTO VEHICULAR SA DE CV | B6: 68238.92 | C6: 84871.53 | D6: 110634.71 | E6: 77017.46 | F6: 108836.78 | G6: 152115.13 | H6: 82234.05 | I6: 101740.46 | J6: 98068.71 | K6: 118289.65 | L6: 179626.5 | M6: 142560.19 | N6: 110352.84
A7: BALATAS Y COMPLEMENTOS OSO SA DE CV | B7: 115747.79 | C7: 103753.06 | D7: 50354.67 | E7: 44851.54 | F7: 108585.18 | G7: 71358.79 | H7: 52781.8 | I7: 165510.57 | J7: 90261.85 | K7: 176791.13 | L7: 86288.55 | M7: 112709.78 | N7: 98249.559
A8: COMERCIALIZADORA DE AUTOPARTES FRECENTAU | B8: 64180.68 | C8: 51553.86 | D8: 52822.49 | E8: 76400.12 | F8: 46062.51 | G8: 99673.82 | H8: 64358.44 | I8: 122609.14 | J8: 106818 | K8: 91001.88 | L8: 96324.78 | M8: 116812.76 | N8: 82384.873
A9: VICTOR MANUEL MARTINEZ JIMENEZ | B9: 41090.48 | C9: 21014.85 | D9: 5718.93 | E9: 36329.57 | F9: 48308.57 | G9: 193098.97 | H9: 45389.79 | I9: 4079.24 | J9: 116155.11 | K9: 29402.14 | L9: 1010.88 | M9: 230591.37 | N9: 64349.158
A10: GABRIEL REYES RAMIREZ 8 | B10: 37340.96 | C10: 33972.9 | D10: 40661.8 | E10: 74246.69 | F10: 87420.13 | G10: 57304.34 | H10: 72222.17 | I10: 76849.92 | J10: 83024.63 | K10: 20826.58 | L10: 83559.86 | M10: 86604.47 | N10: 62836.204
A11: JONATHAN ARI QUINTERO VAZQUEZ | B11: 74943.16 | C11: 65383.56 | D11: 168098.82 | E11: 123866.13 | F11: 98647.93 | G11: 70129.4 | H11: 22744.81 | I11: 42945.85 | J11: 6026.05 | K11: 3795.81 | L11: 48612.3 | M11: 16247.46 | N11: 61786.773
A12: SOLEDAD CALDERON ROCHA | B12: 51184.07 | C12: 18408.41 | D12: 54394.33 | E12: 44375.5 | F12: 84766.67 | G12: 57580.45 | H12: 52250.99 | I12: 57588.52 | J12: 46507.74 | K12: 44467.03 | L12: 39107.69 | M12: 35621.22 | N12: 48854.385
A13: MAURICIO CHAVEZ MARTINEZ | B13: 30989.75 | C13: 1080.24 | D13: 42955.51 | E13: 39804.76 | F13: 61902.41 | G13: 55774.69 | H13: 22851.18 | I13: 61443.95 | J13: 42925.75 | K13: 53774.37 | L13: 58893.06 | M13: 47024.35 | N13: 43285.002
A14: CLUTCH Y FRENOS ELVIS S A DE C V | B14: 33723.96 | C14: 18917.85 | D14: 40291.1 | E14: 38726.86 | F14: 37305.51 | G14: 47820.43 | H14: 29432.01 | I14: 46288.94 | J14: 34371.79 | K14: 49266.08 | L14: 41553.41 | M14: 40772.59 | N14: 38205.878
A15: AUTOREFACCIONES ALEMANAS Y JAPONESAS SA | B15: 45465.58 | C15: 25134.98 | D15: 35200.33 | E15: 33543.27 | F15: 39842.94 | G15: 16019.88 | H15: 123051.12 | J15: 108720.92 | K15: 12597.92 | M15: 8343.98 | N15: 37326.743
A16: JOSE OCTAVIO RAMIREZ REYES | B16: 27163.75 | C16: 7023.6 | D16: 19960.59 | E16: 35819.65 | F16: 34360.73 | G16: 43650.08 | H16: 44654.26 | I16: 37487.67 | J16: 38607.83 | K16: 48817.46 | L16: 48547.01 | M16: 47600.96 | N16: 36141.133
A17: DIANA CHAVEZ DE LA SOTA | B17: 30273.47 | C17: 20530.82 | D17: 39130.79 | E17: 28102.68 | F17: 34211.43 | G17: 34042.43 | H17: 39612.05 | I17: 19330.47 | J17: 24143.81 | K17: 42764.42 | L17: 28818.47 | M17: 58711.87 | N17: 33306.059
A18: PATRICIA ESTHER MARAVER ROJAS | B18: 34988.47 | C18: 43239.16 | D18: 26845.53 | E18: 31694.48 | F18: 36754.74 | G18: 37498.9 | H18: 25197.72 | I18: 24879.1 | J18: 25718.34 | K18: 39076.59 | L18: 20333.33 | M18: 25847.77 | N18: 31006.178
A19: ROSA HILDA RAMIREZ REYES | B19: 25451.57 | C19: 33320.24 | D19: 16123.07 | E19: 29810.83 | F19: 28250.59 | G19: 32941.25 | H19: 27163.44 | I19: 56243.09 | J19: 39866.11 | K19: 19500.45 | L19: 38059.27 | M19: 24820.22 | N19: 30962.511
A20: MARIA MAGDALENA UTRERA MONTERO | B20: 23830.32 | C20: 26747.54 | D20: 33062.26 | E20: 35056.82 | F20: 11122.75 | G20: 28840.7 | H20: 31336.84 | I20: 38421.61 | J20: 27509.67 | K20: 30431.5 | L20: 39762.99 | M20: 22633.44 | N20: 29063.037
A21: JENIFFER NAYELLI PEREZ LOPEZ | B21: 10326.16 | C21: 13551.12 | D21: 41682.35 | E21: 33993.36 | F21: 22401.15 | G21: 37042.04 | H21: 41043.7 | I21: 14593.62 | J21: 52512.75 | K21: 18030.98 | L21: 4174.98 | N21: 24112.684
A22: ALEJANDRO ZAVALA FLORES | B22: 40979.17 | C22: 28843.82 | D22: 26539.58 | E22: 30868.89 | F22: 7449.25 | G22: 50562.78 | H22: 10388.23 | I22: 10348.67 | J22: 8343.29 | L22: 12134.23 | M22: 48946.17 | N22: 22950.34
A23: FRANCISCO ANTONIO CASTILLO VILLANUEVA | B23: 23755.5 | C23: 25876.17 | D23: 31977.55 | F23: 38951.62 | G23: 26329.27 | H23: 16074.08 | I23: 11455.82 | J23: 17512.06 | K23: 21350.578 | L23: 15665.1 | M23: 41996.93 | N23: 22578.723
A24: AUTOPARTES Y SERVICIOS KOI SA DE CV | B24: 8553.32 | C24: 8280.94 | D24: 24376.91 | E24: 9334.32 | G24: 11464.58 | H24: 22266.38 | I24: 23475.42 | J24: 19454.28 | K24: 26251.43 | L24: 25629.39 | M24: 51054.5 | N24: 19178.456
A25: ESPERANZA MONTIEL ONTIVEROS | B25: 16429.57 | C25: 18644.16 | D25: 19893.99 | F25: 8640.8 | G25: 12230.83 | H25: 21713.49 | I25: 23064.05 | J25: 21590.93 | K25: 17396.94 | L25: 15151.93 | M25: 21825.22 | N25: 16381.826
A26: COMERCIALIZADORA VAZQUEZ Y DOMINGUEZ SA | B26: 5539.38 | C26: 16175.92 | E26: 15470.93 | F26: 45575.85 | G26: 51110.04 | H26: 11794.19 | I26: 1871.59 | J26: 23955.97 | K26: 4588.69 | L26: 17594.22 | N26: 16139.732
A27: JOSE DE JESUS GARCIA MENDOZA | B27: 3766.83 | C27: 5693.02 | D27: 11711.3 | E27: 7866.24 | F27: 14580.36 | G27: 9762.74 | H27: 18267.67 | I27: 18013.3 | J27: 14988.13 | K27: 18916.55 | L27: 25175.08 | M27: 21146.83 | N27: 14157.338
A28: GABRIEL REYES RAMIREZ 1069 | B28: 6439.15 | C28: 10538.03 | D28: 5421.08 | E28: 9529.71 | F28: 14938.5 | G28: 10130.44 | H28: 2732.3 | I28: 7332.61 | J28: 16783.53 | K28: 3289.33 | L28: 15976.61 | M28: 16231.09 | N28: 9945.1983
A29: VERONICA NOEMI MEDINA DIAZ | B29: 30949.59 | C29: 34481.32 | G29: 53235.93 | N29: 9888.9033
A30: SERGIO LEZAMA REYES | B30: 7700.65 | C30: 11211.2 | D30: 7851.32 | E30: 12058.4 | F30: 8331.92 | G30: 11435.08 | H30: 14290.47 | I30: 5252.1 | J30: 3815.94 | K30: 14898.08 | L30: 7806.21 | M30: 13061.54 | N30: 9809.4092
A31: GUADALUPE VAZQUEZ RUIZ | B31: 9333.71 | C31: 5421.13 | D31: 2408.5 | E31: 17005.78 | F31: 11838.03 | G31: 10788.01 | H31: 8792.4 | I31: 12672.32 | J31: 10019.73 | K31: 8544.86 | L31: 3699.96 | M31: 10390.83 | N31: 9242.9383
A32: RICARDO SALVADOR RODRIGUEZ JUÁREZ (SUC HGO) | B32: 15599.45 | E32: 16130.02 | G32: 18143.42 | I32: 22373.23 | K32: 18148.81 | M32: 20111.3 | N32: 9208.8525
A33: ALVARO AGUILAR VALDES | B33: 1039.28 | C33: 5256.7 | D33: 41329.13 | E33: 1625.24 | F33: 5880.49 | G33: 7572.03 | H33: 10592.74 | I33: 7925.72 | N33: 6768.4442
A34: MARLYNE JULIANNA NAVARRO ALANIS | B34: 497.18 | F34: 600.85 | G34: 676.81 | H34: 510.46 | I34: 615.03 | J34: 8190.38 | K34: 18804.41 | L34: 17527.9 | M34: 32732.89 | N34: 6679.6592
A35: PARTES Y SERVICIOS COLIN SA DE CV | C35: 15678.09 | E35: 17836.52 | F35: 20878.49 | J35: 5578.24 | L35: 9030.42 | M35: 3227.24 | N35: 6019.0833
A36: FRENOS ZAIYER SA DE CV | B36: 6309.59 | C36: 1866.75 | D36: 9104.25 | E36: 2530.22 | F36: 9141.06 | G36: 4445.24 | H36: 4200.17 | I36: 2364.61 | J36: 5006.17 | K36: 7929.52 | L36: 7854.15 | M36: 11082.58 | N36: 5986.1925
A37: FRENCO MEXICO SA DE CV | B37: 14600.81 | C37: 8390.4 | D37: 3077.16 | E37: 9019.85 | F37: 11211.47 | G37: 11498.51 | H37: 3084.59 | I37: 2620.53 | K37: 4936.69 | L37: 2134.94 | N37: 5881.2458
A38: NURIA XIMENA RODEA MORENO | B38: 7976.45 | C38: 9785.17 | D38: 7351.46 | F38: 7840.29 | H38: 3448.02 | I38: 7933.68 | K38: 10499.27 | L38: 4776.44 | M38: 8709.77 | N38: 5693.3792
A39: ADRIANA BUSTAMANTE ALMEDA | L39: 65578.75 | N39: 5464.8958
A40: MANUEL ROBERTO MIRANDA TORRES | I40: 41467.3 | J40: 4565.65 | K40: 980.97 | L40: 12597.97 | N40: 4967.6575
A41: IRVING DANIEL RAMIREZ GALLEGOS | B41: 6869.78 | C41: 19042.08 | D41: 879.02 | F41: 2932.62 | G41: 3398.91 | H41: 1769.9 | I41: 4353.91 | J41: 4648.71 | K41: 1206.8 | M41: 9438.88 | N41: 4545.0508
A42: ADELINA CUEVAS RODRIGUEZ | C42: 2631 | E42: 4509.77 | G42: 6511.46 | H42: 2199.88 | I42: 5368.94 | J42: 12404.1 | K42: 4371.18 | L42: 10882.34 | M42: 5200.22 | N42: 4506.5742
A43: MECHANICS POWER SERVICIE, S.A. DE C.V. | D43: 53640.37 | N43: 4470.0308
A44: ALEXIS DAVID MONTAÑEZ CRUZ | B44: 6734.34 | C44: 3748.35 | D44: 3370.85 | E44: 594.97 | F44: 1690.1 | G44: 4657.52 | H44: 2213.66 | I44: 1204.28 | J44: 2339.03 | K44: 7301.36 | L44: 3043.54 | M44: 13780.06 | N44: 4223.1717
A45: ORELLANA INTER TRADE SA DE CV | B45: 1846.9 | C45: 4336.4 | D45: 1515.03 | E45: 6401.12 | F45: 2730.17 | G45: 3477.15 | H45: 12717.54 | I45: 1333.14 | J45: 11990 | K45: 1986.68 | N45: 4027.8442
A46: COMERCIALIZADORA LUCA DE MEXICO, S.A. DE C.V. | J46: 46393.47 | N46: 3866.1225
A47: MARIA ANTONIETA CARDENAS RUIZ | B47: 4430.27 | C47: 2215.14 | E47: 4430.27 | F47: 4430.27 | G47: 13325.8 | H47: 6104.59 | K47: 5171.3 | M47: 5171.3 | N47: 3773.245
A48: ISMAEL MARTIN VALENCIA SOLIS | D48: 9291.78 | E48: 3039.39 | F48: 1369.15 | G48: 21931.45 | J48: 1235.46 | L48: 4579.84 | M48: 3046.25 | N48: 3707.7767
A49: ROSA ELENA TOVAR RIOS | D49: 3689.32 | E49: 2299.03 | F49: 1719.96 | G49: 2725.33 | H49: 3394.89 | I49: 2634.75 | J49: 5435.13 | K49: 9421.2 | L49: 3812.32 | M49: 2158.32 | N49: 3107.5208
A50: ALMA ELVIA MARTINEZ PEREZ | D50: 4435.96 | K50: 8531.26 | L50: 13467.9 | M50: 10845.97 | N50: 3106.7575
A51: ROXANA ANGLES ARIAS | B51: 3894.19 | D51: 6939.23 | E51: 2840.91 | F51: 7160.84 | H51: 2373.57 | I51: 4854.19 | J51: 5453.99 | M51: 2961.14 | N51: 3039.8383
A52: LEONARDO COLIN SALAS | E52: 20608.91 | L52: 7398.26 | N52: 2333.9308
A53: HILDA PEREZ MORALES | G53: 2330.28 | J53: 4611.2 | K53: 3044.44 | M53: 1377.45 | N53: 946.9475
A54: BOTTAGLIA SA DE CV | B54: 1117.2 | D54: 2719.49 | F54: 650.16 | G54: 1998.15 | J54: 1932.9 | N54: 701.49167
A55: ISAURO CASTRO ALBARRAN | C55: 503.44 | E55: 1047.63 | F55: 503.44 | I55: 789.46 | J55: 2237.02 | K55: 2763.76 | N55: 653.72917
A56: EDNA MARINA ESCOBOZA RAMIREZ | C56: 5176.11 | N56: 431.3425
A57: MANUEL ALEJANDRO GARCIA RUIZ | B57: 912.47 | C57: 1051.72 | E57: 1178.12 | F57: 867.88 | G57: 457 | N57: 372.26583
A58: RAMON MOSQUEDA MARTINEZ | E58: 2284.52 | F58: 811.48 | N58: 258
A59: GERARDO HURTADO GOMEZ | C59: 3084.23 | N59: 257.01917
A60: INGRID ASTRID LANDIN CORREA | I60: 1287.88 | L60: 1240.08 | N60: 210.66333
A61: AUTOCOM SEMINUEVOS, S.A.P.I. DE C.V. | M61: 1925.11 | N61: 160.42583
A62: LILIANA CANSINO RUBIO | N62: 0
A63: MARCO ANTONIO CARACHURE JAIMES | N63: 0
A64: MUELLES Y BALATAS DEL GUADIANA, S.A. DE C.V. | N64: 0
A65: SUPER REFACCIONARIA TAXQUEÑA, S.A. DE C.V. | N65: 0
A66: MOTORPARTS CENTER, S.A. DE C.V. | N66: 0
A67: GILBERTO GUTIERREZ SANCHEZ | N67: 0
B68: 0 | C68: 0

Sheet RUTA 4
A1: CORPORATIVO AUTO REFACCIONES DE CALIDAD S.A. DE C.V.
A2: CARTERA GERARDO ALPIZAR
A3: RUTA 4
A4: Z | B4: No. | C4: CLIENTE | D4: CONTACTO | E4: CRED. Y COND. | F4: OBSERVACIONES Y/O COMENTARIOS
A5: L | B5: 104 | C5: SERGIO LEZAMA REYES | D5: DUEÑO SERGIO LEZAMA | E5: CONTADO
C6: AV. HIDALGO # 65. COL SAN ANDRES ATENCO | D6: 5362 8057 | E6: 0.7
C7: C.P. 54040 | E7: PROM
C8: TLALNEPANTLA, EDO DE MEX | D8: tallerlezama@yahoo.com.mx
C9: NEGOCIO "FRENOS SAN ANDRES"
C10: COMPRA TMDAL, AKEBONO Y SELECTRUM
A11: L | B11: 136 | C11: AUTOMOTRIZ ISSAC ARMOR | D11: JAVIER COMPRAS Y PAGOS | E11: CONTADO | F11: OBSERVACIONES Y/O COMENTARIOS
C12: CORUÑA # 199 INT. 401 COL VIADUCTO PIEDAD IZTACALCO, DF | D12: 5358 5393
C13: CP. 08200 OFNA. :BLVD. MANUEL AVILA CAMACHO | D13: issacarmor@hotmail.com | E13: 0.7
C14: # 348 FRENTE A TRONCOSO | E14: PROM
C15: NAUCALPAN, EM
C16: COMPRA AKEBONO, TEXTAR
A17: L | B17: 122 | C17: MIGUEL ANGEL CUEVAS ALBARRAN | D17: DUEÑO Y COMPRAS MIGUEL A. CUEVAS | E17: 30 D. | F17: OBSERVACIONES Y/O COMENTARIOS
C18: CAMINO A SANTA FE # 1314 COL. LA MEXICANA | D18: 1664 0995 | E18: 0.73
C19: DISTRITO FEDERAL DEL. ALVARO OBREGON | D19: bysquiroga@hotmail.com | E19: PROM
C20: C.P. 01260 COMPRA TEXTAR, SELECTRUM, FERODO Y SUPER CERAMIC
C21: NEGOCIO "BALATAS Y SUSPENSIONES QUIROGA"
A22: L | B22: 717 | C22: LEONARDO COLIN SALAS | D22: SR. COLIN O JENY | E22: CONTADO | F22: OBSERVACIONES Y/O COMENTARIOS
C23: RICARTE # 505 COL SAN BARTOLO ATEPEHUACAN | D23: colin.express@live.com.mx | E23: 0.73
C24: C.P. 07730 GUSTAVO A. MADERO DF | D24: 55 87 64 62 | E24: PROM
C25: NOMBRE DE EL NEGOCIO: PARTES Y SERVICIOS COLIN, S.A. DE C.V.
C26: COMPRA AKEBONO
A27: L | B27: 428 | C27: PARTES Y SERVICIOS COLIN, S.A. DE C.V. | D27: DUEÑO SR. LEONARDO COLIN ROMERO | E27: 30 D. | F27: OBSERVACIONES Y/O COMENTARIOS
C28: RICARTE # 497 COL SAN BARTOLO ATEPEHUACAN | D28: COMPRAS JENNY | E28: 0.73
C29: C.P. 07730 GUSTAVO A. MADERO DF | D29: 5587-6402 | E29: PROM
D30: 5587-5649
C31: COMPRA AKEBONO | D31: pyscolin@serviciocolin.com
A32: L | B32: 69 | C32: ELOY RAMIREZ GALLEGOS | D32: DUEÑO ELOY RAMIREZ | E32: 21 D. OCASIONAL | F32: OBSERVACIONES Y/O COMENTARIOS
C33: FRANCISCO MURGUIA M 77 L 10 COL. GRANJAS VALLE DE GPE CP.55270 | D33: CONTACTOS GABRIELA BEECERRIL Ó ELBA | E33: 79.45% CONTADO Ó
C34: ENTREGA EN : COYUCA # 2914 COL. SN FELIPE DE JESUS | D34: LISTA DE PRECIOS arorefacciones@hotmail.com | E34: 76.25 AKEBONO
C35: DISTRITO FEDERAL DELEG. GUSTAVO A MADERO | D35: FACTURAS comprasaro@hotamail.com | E35: PROM
C36: NEGOCIO "ARO REFACCIONES" | D36: 5746 0949 | E36: 159959.04
C37: COMPRA TMDL, FERODO, COBREQ | D37: 62*295425*2 CEL. SR. ELOY 55 8580 1635
A38: L | B38: 690 | C38: ALVARO AGUILAR VALDES | D38: COMPRAS ALVARO HIJO | E38: 15 D. | F38: OBSERVACIONES Y/O COMENTARIOS
C39: CARLOS PICHARDO CRUZ No. 34 COL. STA. MARIA MAGDALENA | D39: 6348 5181 | E39: 0.75
C40: C.P. 55715 EDO. DE MEX. COACALCO DE BERRIOZ | D40: frenos.importados@outlook.com | E40: PROM
C42: COMPRA TMDAL, AKEBONO, SUPER CERAMIC

Sheet RUTA 5
A1: CORPORATIVO AUTO REFACCIONES DE CALIDAD S.A. DE C.V.
A2: CARTERA GERARDO ALPIZAR
A3: RUTA 5
A4: Z | B4: No. | C4: CLIENTE | D4: CONTACTO | E4: CRED. Y COND. | F4: OBSERVACIONES Y/O COMENTARIOS
A5: L | B5: 17 | C5: COMERCIALIZADORA DE AUTOPARTES FRECENTAURO, S.A. DE C.V. | D5: DUEÑO SR. JORGE GELOVER | E5: 30 D.
C6: 1a. PRIVADA DE PROVIDENCIA M-5 L-4. COL. LOS OLIVOS | D6: COMPRAS ALEJANDRO LOPEZ GTE. DE VTAS. | E6: 76.58% SENSORES 80.0%
C7: C.P 13210 TLAHUAC, D.F. | D7: frececompras@yahoo.com.mx / frececomprass@yahoo.com.mx | E7: PROM
D8: 5850-2550 / 5850-2551 | E8: 154406.5
C9: COMPRA TEXTAR, FERODO, COBREQ, AKEBONO | D9: 1312-5250
A10: L | B10: 87 | C10: HUMBERTO JAVIER ABARCA RAMIREZ | D10: DUEÑO Y COMPRAS HUMBERTO J. ABARCA | E10: 30 D. | F10: OBSERVACIONES Y/O COMENTARIOS
C11: C.RETORNO 23 VENTISCA MZ.26 L29 CASA B4 | D11: autorefaccionesari@hotmail.com | E11: 0.73
C12: COL. VIENTOS C.P.56530 | D12: 044 55 3421-0567
C13: IXTAPALUCA, EM | D13: 59 76 05 63 (CASA) | E13: PROM
C14: NEGOCIO "COMERCIALIZADORA ABARCA"
C15: COMPRA TEXTAR, SELECTRUM Y COBREQ
A16: L | B16: 803 | C16: COMERCIALIZADORA PALUVA, S.A. DE C.V. | D16: DUEÑO ALEJANDRO GARCIA PANTOJA | F16: OBSERVACIONES Y/O COMENTARIOS
C17: JUAREZ No. INT 301 EXT. 108 COL. SAN LUCAS TEPETLACALCO | D17: COMPRAS ANTONIO MONTELONGO | E17: CONTADO
C18: C.P. 54055 EDO. DE MEX. TLANEPANTLA | D18: 6578-3515 NEXTEL | E18: 0.73
D19: amontelongo.s2b@hotmail.com LISTAS DE PRECIOS | E19: PROM
D20: smart2brothers@hotmail.com FACTURAS
C21: COMPRA TMDAL , AKEBONO Y SUPER CERAMIC
A22: L | B22: 684 | C22: BOTTAGLIA S.A DE C.V | D22: LUIS XAVIER Y/Ó HUMBERTO ANGELES | E22: CONTADO | F22: OBSERVACIONES Y/O COMENTARIOS
C23: CISNES MANZANA 19 LOTE 7, COL. VALLE DE TULES | E23: 0.74
C24: C.P. 54900, TULTITLAN ESTADO DE MEXICO | D24: 5384-5346 | E24: PROM
D25: humberto_angeles@hotmail.com
C26: COMPRA TMDAL, AKEBONO | D26: humer_angeles@hotmail.com
A27: L | B27: 801 | C27: ROTORES, TAMBORES Y MASAS, S. A. DE C.V. | D27: DUEÑO RICARDO BULLEGOYRI | E27: 15 D. | F27: OBSERVACIONES Y/O COMENTARIOS
C28: F.J. DE TORQUEMADA No. 13 - A COL. OBRERA | D28: 5530 5264 | E28: 0.757
C29: DISTRITO FEDERAL, DEL. CUAUHTEMOC, C.P. 06800 | D29: rotamasa@hotmail.com | E29: PROM
C31: COMPRA TMD, SUPER CERAMIC

Sheet RUTA 6
A1: CORPORATIVO AUTO REFACCIONES DE CALIDAD S.A. DE C.V.
A2: CARTERA GERARDO ALPIZAR
A3: RUTA 6
A4: Z | B4: No. | C4: CLIENTE | D4: CONTACTO | E4: CRED. Y COND. | F4: OBSERVACIONES Y/O COMENTARIOS
A5: T | B5: 41 | C5: CLOUTCH Y FRENOS DE TOLUCA, S.A. DE C.V. | D5: clutchyfrenosdetoluca@hotmail.com | E5: 15 D
C6: LEONA VICARIO # 105 COL. SANTA CLARA | D6: PEPE (COMPRAS) | E6: 0.73
C7: C.P. 50090 TOLUCA | D7: 01722 215 9712 | F7: ZONA 4
C8: ESTADO DE MEXICO | D8: 01722 215 2842 | E8: PROM
C10: COMPRA TEXTAR, S. CERAMIC
A11: T | B11: 707 | C11: EDGAR CONZUELO CONTRERAS | D11: NORBERTO | E11: 15 D. | F11: OBSERVACIONES Y/O COMENTARIOS
C12: AV. BENITO JUAREZ SUR #1010 COL. UNIVERSIDAD TOLUCA | D12: 01722 219 4828/ 01 722 270 6372 | E12: 0.757
C13: EDO. DE MEX. TOLUCA C.P. 50130 | D13: edconzu@yahoo.com.mx
D14: SRITA. MIRLA PAGOS | E14: PROM | F14: ZONA 4
C16: COMPRA TEXTAR, S. CERAMIC, S. METALLIC
A17: T | B17: 880 | C17: ESPERANZA MONTIEL ONTIVEROS | D17: COMPRAS HUGO | E17: 15 D. | F17: OBSERVACIONES Y/O COMENTARIOS
C18: AV. SOLIDARIDAD LAS TORRES | D18: 01 722 223 4537 | E18: 0.757
C19: COL. SEMINARIO 1A, 2A Y 3A SECCION TOLUCA, EDO. DE MEX. | D19: rossbernalb@hotmail.com | E19: PROM
C21: COMPRA TMDL, S. CERAMIC, METALLIC Y FLEET
A22: T | B22: 424 | C22: RICARDO SALVADOR RODRIGUEZ JUÁREZ | D22: DUEÑO RICARDO SALVADOR | E22: 40 D. | F22: OBSERVACIONES Y/O COMENTARIOS
C23: JOSE MARIA PINO SUAREZ SUR # 1519 | D23: COMPRAS OSCAR VELAZQUEZ 62*138705*3 NEXTEL | E23: 0.7577
C24: COL. NUEVA SANTA MARIA LAS ROSAS | D24: 01 722 2773 007 | E24: PROM
C25: C.P. 50140 TOLUCA, EM | D25: 01722 27 01 775
C26: NEGOCIO "CLUTCH Y FRENOS RODRIGUEZ" | D26: ric_pisis@hotmail.com
C27: COMPRA TEXTAR, AKEBONO, SUPER CERAMIC Y METALLIC | D27: oscar_veltrejo15sc@hotmail.com LISTAS DE PRECIOS
A28: T | B28: 785 | C28: MELCHOR PEREZ FLORES | D28: DUEÑO MELCHOR PEREZ FLORES ( HIJO ) | E28: 30 D. | F28: OBSERVACIONES Y/O COMENTARIOS
C29: AV. MORELOS No. INT. C EXT. 746 COL. SAN SEBASTIAN | D29: AURORA (ESPOSA ) | E29: 0.7642
C30: EDO. DE MEXICO, TOLUCA C.P. 50150 | D30: 01 722 1670471 | E30: PROM
D31: 01 722 213 2849 / 01 722 271 2749
C32: COMPRA: TXT, SUPER CERAMIC, METALLIC Y AKEBONO | D32: donfrenos@hotmail.com
A33: T | B33: 839 | C33: MECHANIC´S POWER SERVICE | D33: COMPRAS GILBERTO | E33: 40 D. | F33: OBSERVACIONES Y/O COMENTARIOS
C34: BLV. AEROPUERTO MIGUEL ALEMAN No. 743 COL. SAN MATEO ATENCO | D34: DUEÑO RICARDO SALVADOR
C35: ENTRE LAGO YURIDIA Y VICENTE GUERRERO A 100 MTS. DE PASEO | D35: 01 728 288 6148 / 01 728 288 6369 | E35: 0.7577
C36: TOLLOCAN A 400 DE AV, LAS TORRES | D36: refaccionesgrupoar@hotmail.com | E36: PROM
C37: REFACCIONARIA Y TAALLER AUTOMOTRIZ
C38: COMPRA TXT, S. CERAMIC

Sheet RUTA 7
A1: CORPORATIVO AUTO REFACCIONES DE CALIDAD S.A. DE C.V.
A2: CARTERA GERARDO ALPIZAR
A3: RUTA 7
A4: Z | B4: No. | C4: CLIENTE | D4: CONTACTO | E4: CRED. Y COND. | F4: OBSERVACIONES Y/O COMENTARIOS
A5: M | B5: 20 | C5: YOLANDA ELIZONDO GARZA | D5: DUEÑO ING. LUIS PRO | E5: 35 D.
C6: SIERRA MORENA 296 PTE. COL. JERÓNIMO SILLER | D6: CONTACTOS PATY Y JOVITA | E6: 0.75 | F6: DIRECCION DEL TALLER:
C7: C.P. 66250 NUEVO LEON, GARZA GARCIA | D7: ( FACTURAS ) admin@promotriz.com | E7: PROM | F7: Corregidora No. 522 Nte. Entre independencia y Morones Prieto.
C8: NEGOCIO "SERVICIO PROMOTRIZ" | D8: luispro@promotiz.com LISTAS DE PRECIOS | E8: =VLOOKUP(C5,'[2]1.GERARDO ALPIZAR'!$D$6:$Q$60,14,0) -> 32324.72 | F8: Pasando la Policía de tránsito y antes de la Cruz Roja
C9: COMPRA TEXTAR, AKEBONO, SUPER CERAMIC, FERODO | D9: 01 8183 384 903 | F9: El Ing. Pro come entre 1 1:30 ahí mismo en el Taller
A10: M | B10: P | C10: AGUSTIN RAFAEL ARECHIGA NUÑEZ | F10: OBSERVACIONES Y/O COMENTARIOS
C11: VICENTE GUERRERO #206 NORTE | D11: boostauto@life.com | E11: 76.00% AKEB | F11: LE INTERESA AKEBONO
C12: CENTRO DE SAN PEDRO GARZA GARCIA C.P. 66230 | D12: 04581 2100 1259 | E12: PROM | F12: SE LE MANDO LISTA C/DESC. DEL 76%
C13: ENTRE CALLE REFORMA Y PORFIRIO DIAZ
A15: M | B15: 1082 | C15: OPERADORA INTERPARTES, S.A. DE C.V. | D15: COMPRAS VICTOR M. RIVERA MORENO | E15: 30 D. | F15: OBSERVACIONES Y/O COMENTARIOS
C16: AV. ALFONSO REYES No. 2712 COL. BERNADO REYES | D16: 01 81 8370 6510 | E16: 0.78
C17: MONTERREY, NUEVO LEON C.P. 64280 | D17: CEL. 045 81 1175 2053 | E17: PROM
C18: ENTRE CALLE RIO PILON Y RIO MAGALLANES | D18: vrivera@op-interpartes.mx | E18: =VLOOKUP(C15,'[2]1.GERARDO ALPIZAR'!$D$6:$Q$61,14,0) -> 69121.854
C19: COMPRA OE SUPER CERAMIC, METALLIC, FLEET Y TEXTAR
A20: M | B20: 1032 | C20: PRODEFSA AUTOPARTES SA DE CV | D20: DUEÑO VICTOR RIVERA Y CARLOS RIVERA | E20: 60 D. | F20: OBSERVACIONES Y/O COMENTARIOS
C21: AVENIDA RUIZ CORTINES No. 1000 COL. BELLAVISTA C.P. 64410 | D21: COMPRAS PATRICIA GARCIA | E21: 0.775
C22: MONTERREY, NUEVO LEON | D22: gerencia@prodefsa.com.mx / compras@prodefsa.com.mx | E22: 80.0% MARCAS PRIVADAS
D23: vrivera@prodefsa.com.mx / crivera@prodefsa.com.mx | E23: PROM
D24: 01 8181 252200 | E24: =VLOOKUP(C20,'[2]1.GERARDO ALPIZAR'!$D$6:$Q$61,14,0) -> 16331.517
C25: COMPRA TXT, SUPER CERAMIC, METALLIC, FLEET
A26: M | B26: 10 | C26: REFACCIONARIA CASA VILLARREAL, S.A. DE C.V. | D26: DUEÑO LIC RICARDO VILLAREAL | E26: 30 D. | F26: OBSERVACIONES Y/O COMENTARIOS
C27: CARLOS SALAZAR N°334 OTE. COL. CENTRO | D27: COMPRAS CESAR AGUIRRE | E27: 0.753
C28: C.P. 64000 MONTERREY, N.L. | D28: 01 81 81 25 5858 EXT. 228 | E28: PROM
D29: cesarpooh@yahoo.com | E29: =VLOOKUP(C26,'[2]1.GERARDO ALPIZAR'!$D$6:$Q$61,14,0) -> 6223.9183
C30: COMPRA TEXTAR | D30: SECRETARIA VERONICA GRANADOS
A31: M | B31: P | C31: CARLOS HERNANDEZ CERDA | D31: CONTACTO CARLOS HERNANDEZ | F31: OBSERVACIONES Y/O COMENTARIOS
C32: MEZQUITES No. 706 COL. LOS FRESNOS 4ta. SECC. | D32: 0181 8312 7603
C33: APODACA, NUEVO LEON | D33: carlos_hdz1977@hotmail.com | E33: PROM

Sheet MARTES
A1: CORPORATIVO AUTO REFACCIONES DE CALIDAD S.A. DE C.V.
A2: CARTERA GERARDO ALPIZAR
F3: =FORANEO!F3 -> ULTIMA FECHA DE MODIFICACION 03/04/2022
A4: RUTA MARTES
A5: Z | B5: No. | C5: CLIENTE | D5: CONTACTO | E5: CRED. Y COND. | F5: OBSERVACIONES Y/O COMENTARIOS
A6: L | B6: 2466 | C6: JOSÉ DE JESÚS GARCÍA MENDOZA | D6: DUEÑO JESUS GARCIA | E6: CRÉDITO 30 DÍAS | F6: VIENE MOSTRADOR
C7: CERRADA DE LOS ALCANFORES 1-A | D7: MARICARMEN / SR. JESÚS / SANDY | E7: DESC. 20% | F7: ANTES CLUTCH Y FRENOS ATIZAPAN
C8: COL. EL POTRERO C.P. 52975 | D8: 55 5824-0119 / 55 1668-0874 | E8: PROM
C9: ATIZAPAN DE ZARAGOZA, EDO. DE MEX. | D9: CEL SR. JESÚS 55 2475-1194 | E9: 14157.338
C10: NEGOCIO "CLUTCH Y FRENOS ATIZAPAN" | D10: cyfasa@cyfasa.com.mx
C11: COMPRA: TEXTAR, AKEBONO Y PRIVADAS
C12: BALATAS Y COMPLEMENTOS OSO S.A. DE C.V. | D12: MARIO OSORNIO / HIJO MARIO OSORNIO | E12: CRÉDITO 21 DIAS | F12: OBSERVACIONES Y/O COMENTARIOS
C13: CALLE FRANCISCO BARRERA NUM.EXT.13 | D13: COMPRAS: ALFREDO CARRILLO | E13: DESC. 30%
A14: L | B14: 401 | C14: COL. SAN JUAN BOSCO CP.52946 | D14: 55 58 25 08 68 - 55 58 22 35 08 | F14: SIN LIMITE DE CREDITO
C15: ESTADO DE MEXICO, ATIZAPAN | D15: FACTURAS: cfdioso@hotmail.com | E15: PROM
C16: COMPRA: TEXTAR , AKEBONO Y PRIVADAS | D16: LISTAS: comprasoso@hotmail.com | E16: 98249.559
A17: L | B17: 13 | C17: CLUTCH Y FRENOS ELVIS, S. A. DE C. V. | D17: ALBERTO CELULAR 55 4610-7859 | E17: CRÉDITO 30 DÍAS | F17: OBSERVACIONES Y/O COMENTARIOS
C18: CALZADA LA NARANJA # 867 Y 873 COL. AMPL. SAN | D18: 55 5358-1930 / 55 5358-1626 | E18: DESC.30%
C19: PEDRO XALPA C.P. 02719 . | D19: FACTURAS: facturas.elvis@yahoo.com
C20: ALCALDÍA AZCAPOTZALCO, CDMX | D20: LISTAS: albertoelvis66@yahoo.com | E20: PROM
C21: COMPRA: TEXTAR, AKEBONO Y PRIVADAS | E21: 38205.878
A22: L | B22: 1774 | C22: ALEXIS DAVID MONTAÑEZ CRUZ | D22: COMPRAS Y DUEÑO ALEXIS MONTAÑEZ | E22: CONTADO | F22: OBSERVACIONES Y/O COMENTARIOS
C23: GOBERNADOR ABUNDIO GOMEZ #14 COL. AHUIZOTLA | D23: TEL LOCAL 55 5576-9777 | E23: DESC 20%
C24: NAUCALPAN, ESTADO DE MEXICO C.P. 53378 | D24: CEL. 55 4374 1013
C25: COMPRA TEXTAR, AKEBONO Y PRIVADAS, SELECTRUM | D25: FACTURAS Y LISTAS | E25: PROM
D26: alexisfrenosdm@outlook.com | E26: 4223.1717
A27: L | B27: 132 | C27: ISMAEL MARTIN VALENCIA SOLIS | D27: ISMAEL M. VALENCIA, HMNO: RICARDO VALENCIA | E27: CRÉDITO 30 DÍAS | F27: OBSERVACIONES Y/O COMENTARIOS
C28: SAN JUAN TLIHUACA NO. 2 | D28: CEL. 553415-7611 | E28: DES. 20% | F28: COMPRA VOLÚMEN #MM TEXTAR
C29: COL. SAN JUAN TLIHUACA. ALCALDÍA AZCAPOTZALCO, | D29: TEL. LOCAL 55 5318-1457
C30: CDMX C.P. 02400 | D30: clutch.valencia@hotmail.com | E30: PROM
C31: COMPRA: TEXTAR Y CERAMIC | E31: 3707.7767
A32: L | B32: 613 | C32: ALEJANDRO ZAVALA FLORES | D32: DUEÑO ALEJANDRO ZAVALA FLORES | E32: CRÉDITO 30 DÍAS | F32: OBSERVACIONES Y/O COMENTARIOS
C33: NICOLAS BRAVO # 17 COL. AZCAPOTZALCO CENTRO | D33: ERICK ALVAREZ CEL 5539813404 | E33: DESC. 25%
C34: C.P. 02000 ALCALDÍA AZCAPOTZALCO, CDMX | D34: PAGOS LUZ MARIA MARTINEZ
C35: NOMBRE DEL NEGOCIO "ECOBRAKE" | D35: 55 5353 2615 / 55 5347 6448 | E35: PROM
C36: COMPRA TEXTAR, AKEBONO Y PRIVADAS, SELECTRUM | D36: ecobrake_eduardo@yahoo.com.mx | E36: 22950.34
A37: L | B37: 1089 | C37: MARCO ANTONIO CARACHURE JAIMES | D37: COMPRAS SR. ADRIAN GONZALEZ | E37: CRÉDTO 15 DÍAS | F37: OBSERVACIONES Y COMENTARIOS
C38: AV. CUITLAHUAC No. 253 B COL. PRO-HOGAR | D38: 55 55 56 43 98 | E38: DESC. 20%
C39: ALCALDÍA AZCAPOTZALCO, CDMX C.P. 02600 | D39: balatasymas@protonmail.com | E39: PROM
C40: NEGOCIO: "BALATAS Y MAS PROKLAND" | D40: adri.gz5@gmail.com | E40: 0
C41: COMPRA TEXTAR Y PRIVADAS
A42: L | B42: 2241 | C42: NURIA XIMENA RODEA MORENO | D42: NURIA RODEA,COMPRAS NURIA O INGRID | E42: CRÉDITO 30 DÍAS | F42: OBSERVACIONES Y/O COMENTARIOS
C43: AV. 661 No. 52 CO. SAN JUAN DE ARAGON 4a Y 5a SECC. | D43: TEL. 55 5796-2832 | E43: DESC. 20%
C44: ALCALDÍA GUSTAVO A. MADERO CDMX C.P. 07979 | D44: lugi_12@yahoo.com
C45: COMPRA: PRIVADAS | D45: CEL. 5537229087 | E45: PROM
D46: CEL. INGRID 56 1168 5559 | E46: 5693.3792
C47: LUCIO RAMIREZ SANDOVAL | D47: DUEÑO ELOY RAMIREZ | E47: CRÉDITO 30 DÍAS | F47: OBSERVACIONES Y COMENTARIOS
C48: FRANCISCO MURGUIA M 77 L 10 COL. GRANJAS VALLE DE GPE CP.55270 | D48: CONTACTO ALICIA | E48: DESC. GRAL 37.50% | F48: LÍMITE DE CRÉDITO: $500,000
C49: ENTREGA EN : TIXTLA # 235 COL. SN FELIPE DE JESUS | D49: LISTA DE PRECIOS arorefacciones@hotmail.com CC:luciorasan@hotmail.com | F49: ENTREGAS ANTES DE LAS 13 HRS.
A50: L | B50: 2658 | C50: ENTRE TEPOZOTLAN Y SAN JUAN DE LOS LAGOS | D50: FACTURAS luciorasancompras@hotmail.com | E50: PROM
C51: ALCALDÍA GUSTAVO A MADERO, CDMX | D51: 55 5746 0949 55 6728 3233 | E51: 183294.25
C52: NEGOCIO "ARO REFACCIONES" | D52: 55 4578 5012 ( CEL ALICIA)
C53: COMPRA TEXTAR, AKEBONO Y PRIVADAS
C54: ELOY RAMÍREZ GALLEGOS | D54: DUEÑO ELOY RAMIREZ | E54: CRÉDITO 30 DÍAS | F54: OBSERVACIONES Y COMENTARIOS
C55: FRANCISCO MURGUIA M 77 L 10 COL. GRANJAS VALLE DE GPE CP.55270 | D55: CONTACTO ALICIA | E55: DESC. GRAL 80.47% | F55: LIMITE DE CREDITO: $500,000.00
C56: ENTREGA EN : TIXTLA # 235 COL. SN FELIPE DE JESUS | D56: LISTA DE PRECIOS arorefacciones@hotmail.com | E56: 76.25 AKEBONO | F56: ENTREGAS ANTES DE LAS 13 HRS.
A57: L | B57: 69 | C57: ENTRE TEPOZOTLAN Y SAN JUAN DE LOS LAGOS | D57: FACTURAS comprasaro@hotamail.com | E57: PROM
C58: ALCADÍA GUSTAVO A MADERO, CDMX | D58: 55 5746 0949 55 6728 3233 | E58: S/F
C59: NEGOCIO "ARO REFACCIONES" | D59: 55 4578 5012 ( CEL ALICIA)
C60: COMPRA TEXTAR, AKEBONO Y PRIVADAS
C61: IRVING DANIEL RAMIREZ GALLEGOS | D61: DUEÑO ELOY RAMIREZ | E61: CRÉDITO 30 DÍAS | F61: OBSERVACIONES Y COMENTARIOS
C62: AV. STA MÓNICA No. 30 COL. EL MIRADOR TLALNEPANTLA, EDO DE MEX | D62: CONTACTOS ALICIA | E62: DESC. GRAL 80.47% | F62: LIMITE DE CREDITO: $500,000.00
C63: ENTREGA EN : DOMICILIO FISCAL O EN TIXTLA # 235 COL. SN FELIPE DE JESUS | D63: LISTA DE PRECIOS arorefacciones@hotmail.com CC: t.frenaventas@gmail.com | F63: SUCURSAL DE ARO REFACCIONES
A64: L | B64: 2798 | C64: ENTRE TEPOZOTLAN Y SAN JUAN DE LOS LAGOS | D64: FACTURAS t.frenacompras@gmail.com | E64: PROM
C65: ALCALDÍA GUSTAVO A MADERO, CDMX | D65: 55 5746 0949 55 6728 3233 | E65: 11817.57
C66: NEGOCIO "TFRENA" | D66: 55 4578 5012 ( CEL ALICIA)
C67: COMPRA TEXTAR, AKEBONO Y PRIVADAS
D68: PROMEDIO TOTAL | E68: =(E9+E16+E21+E26+E31+E36+E40+E46+E51+E65)/10 -> 38229.926 | F68: * PROMEDIO DE ENERO A JUN 20

Sheet MIERCOLES
A1: CORPORATIVO AUTO REFACCIONES DE CALIDAD S.A. DE C.V.
A2: CARTERA GERARDO ALPIZAR
F3: =FORANEO!F3 -> ULTIMA FECHA DE MODIFICACION 03/04/2022
A4: RUTA MIÉRCOLES
A5: Z / EDO | B5: No. | C5: CLIENTE | D5: CONTACTO | E5: CRED. Y COND. | F5: OBSERVACIONES Y/O COMENTARIOS
A6: TOLUCA | B6: 1989 | C6: RICARDO SALVADOR RODRIGUEZ JUAREZ "SUCURSAL" | D6: PEDIDOS 722 649 5627 GPO. WHATSAPP | E6: CRÉDITO 40 DÍAS | F6: LIMITE DE CREDITO:$220,000.00
C7: AV. HIDALGO ORIENTE N° EXT. 912 INT.C | D7: JESSICA 729 107 7837 (PEDIDO FINAL)/ ULISES | E7: GRAL 76.98% | F7: CYC SRITA. JOSEFINA 722 54 22 425
C8: C.P. 50090 COL. VERTICE TOLUCA DE LERDO, MEXICO | D8: CONTACTO EN SUCURSL: JULIA ESQUIVEL | E8: AKEB 78%
C9: REFACCIONARIA. "FRENOS Y REPUESTOS DE TOLUCA SUCURSAL" | D9: LISTAS: car980911sa@gmail.com | E9: PROM
C10: COMPRA: TEXTAR Y PRIVADAS | D10: FACTURAS: ric_piscis@hotmail.com | E10: 7456.9
A11: TOLUCA | B11: 880 | C11: ESPERANZA MONTIEL ONTIVEROS | D11: COMPRAS HUGO | E11: CRÉDITO 30 DÍAS | F11: OBSERVACIONES Y/O COMENTARIOS
C12: AV. SOLIDARIDAD LAS TORRES | D12: 722 223 4537 | E12: DESC. GRAL. 76.91%
C13: COL. SEMINARIO 1A, 2A Y 3A SECC TOLUCA, EDO. DE MEX. | D13: FACTURAS: rossbernalb@hotmail.com | E13: AKEB 78.61%
C14: NEGOCIO: "MASE REFACCIONES" | D14: CEL. HUGO 722 510 8038 Sra. Esperanza 722 162 0984 | E14: PROM
C15: COMPRA: TEXTAR Y PRIVADAS | D15: SRA ESPERANZA: pemontiel@yahoo.com.mx | E15: 6883.87
A16: TOLUCA | B16: 424 | C16: RICARDO SALVADOR RODRIGUEZ JUAREZ | D16: DUEÑO RICARDO SALVADOR | E16: CRÉDITO 40 DÍAS
C17: JOSE MARIA PINO SUAREZ SUR # 1519 | D17: COMPRAS OMAR MANJARREZ CEL 722 228 3041 | E17: DESC. GRAL. 76.98% | F17: LIMITE DE CREDITO $245,000.00
C18: COL. NUEVA SANTA MARIA LAS ROSAS | D18: 722 2773 007 / 722 670 9412/ 722 54 22 426 | E18: 78.00% AKEB
C19: C.P. 50140 TOLUCA, EM | D19: FACTURAS; compras@grupo-ar.mx | E19: PROM
C20: NEGOCIO "CLUTCH Y FRENOS RODRIGUEZ" | D20: frenos.ventas@grupo-ar.mx LISTA DE PRECIOS | E20: 110460.59
C21: COMPRA TEXTAR, AKEBONO Y PRIVADAS | D21: abraham.urchid@grupo-ar.mx ricardo.rodriguez@grupo-ar.mx
A22: TOLUCA | B22: 2398 | C22: MARIA ANTONIETA CARDENAS RUIZ | D22: DUEÑO HERIBERTO ESPINOSA | E22: CONTADO | F22: OBSERVACIONES Y/O COMENTARIOS
C23: AV. MEXICO #305 COL. AMERICAS | D23: PEDIDOS OSCAR MEDRANO 722 358 8845 | E23: 78% GRAL.
C24: TOLUCA, EDO DE MEXICO C.P. 50130 | D24: hespinos2003@hotmail.com | E24: PROM
C25: COMPRA TEXTAR Y PRIVADAS | E25: 2347.05
A26: TOLUCA | B26: 1933 | C26: AUTO PARTES Y SERVICIOS KOI S.A. DE C.V | E26: CRÉDITO 30 DÍAS | F26: OBSERVACIONES Y/O COMENTARIOS
C27: NOMBRE DEL NEGOCIO "FRENOS MANDIBULA" | D27: AURORA TASHELY O MELCHOR PEREZ | E27: DESC GRAL. 77.59%
C28: MORELOS Nº 746-C C.P.50150 | D28: 722 522 6535 / 722 213 28 49 | E28: AKEB 79.50%
C29: COL. SAN SEBASTIAN | D29: CEL. MELCHOR 722 177 6220 | E29: PROM
C30: TOLUCA, ESTADO DE MEXICO | D30: mandibulafrenos@yahoo.com.mx | E30: 18638.89
C31: COMPRA AKEBONO Y PRIVADAS
A32: L | B32: 14 | C32: RAMON MOSQUEDA MARTINEZ | D32: RAMON MOSQUEDA / HUGO TAPIA | E32: CONTADO | F32: OBSERVACIONES Y/O COMENTARIOS
C33: LUZ SAVIÑON # 923 COL. DEL VALLE | D33: refaccionariaramon@hotmail.com | E33: AKEB 78.50% | F33: SOLO VENTA DE CONTADO PREVIA AUTORIZACION DE CYC
C34: C.P. 03100 ALCALDÍA BENITO JUAREZ, CDMX | D34: 55 5543 6281/55 8590 5587/55 3330 0629 | E34: DESC.GRAL. 76.54%
C35: NEGOCIO "REFACCIONARIA RAMON" | D35: 55 1290 0341 | E35: PROM
C36: COMPRA TEXTAR, AKEBONO, SUPER CERAMIC | D36: CEL. 551290-0341 | E36: 3090.34
A37: L | B37: 17 | C37: COMERCIALIZADORA DE AUTOPARTES FRECENTAURO, S.A. DE C.V. | D37: DUEÑO SR. JORGE GELOVER HIJO | E37: CRÉDITO 30 DÍAS | F37: OBSERVACIONES Y/O COMENTARIOS
C38: 1a. PRIVADA DE PROVIDENCIA M-5 L-4. COL. LOS OLIVOS | D38: COMPRAS ALEJANDRO LOPEZ Y/O ANTONIO | E38: TEXTAR. 78.92% | F38: NO BACK ORDER
C39: C.P 13210 ALCALDÍA TLAHUAC, CDMX | D39: frececompras@yahoo.com.mx | E39: SENSORES 80%
C40: COMPRA TEXTAR, AKEBONO | D40: 5850-2550 / 5850-2551 | E40: PROM
D41: 1312-5250 / 58508831 | E41: 147638.12
A42: L | B42: 2361 | C42: ORELLANA INTER TRADE, S.A. DE C.V. | D42: PEDIDOS SR. GERARDO ORELLANA CEL 55 5107 1893 | E42: CRÉDITO 30 DÍAS | F42: OBSERVACIONES Y/O COMENTARIOS
C43: ORIZABA No. 101 DESP. 106 1er. PISO | D43: ORDEN DE C. SR. ÁNGEL ORELLANA CEL 5517982272 | E43: DESC GRAL 79% | F43: LIMITE DE CREDITO:$100,000.00
C44: COMPRA TEXTAR | D44: LISTAS: gerardo@oitamortiguadores.com angel@oitamortiguadores.com | F44: DIRECCIÓN ENTREGA: JAMES WATT LT5 FRACC. PARQUE
D45: FACTURAS: asistente@oitamortiguadores.com | E45: PROM | F45: INDUSTRIAL, CUAUTITLÁN IZCALLI, EDO DE MÉX. CP 54730
E46: 5617.06
D47: PROMEDIO TOTAL | E47: =(E10+E15+E20+E25+E30+#REF!+E36+E41+E46)/9 -> #REF! | F47: * PROMEDIO DE ENERO A JUN 20

Sheet JUEVES
A1: CORPORATIVO AUTO REFACCIONES DE CALIDAD S.A. DE C.V.
A2: CARTERA GERARDO ALPIZAR
F3: =FORANEO!F3 -> ULTIMA FECHA DE MODIFICACION 03/04/2022
A4: RUTA JUEVES
A5: Z | B5: No. | C5: CLIENTE | D5: CONTACTO | E5: CRED. Y COND. | F5: OBSERVACIONES Y/O COMENTARIOS
A6: L | B6: 1429 | C6: MOTEGI AUTOMOTRIZ SA DE CV | D6: SONIA RESENDIZ GERENTE | E6: CREDITO 30 DIAS | F6: SIN LIMITE DE CREDITO
C7: CARRETERA MEXICO TOLUCA # 5292 COL. EL YAQUI | D7: CONTACTO ANDRES BERMUDEZ GERENTE REFACCIONES | E7: DESCUENTO GRAL 77.15% | F7: METODO PAGO: 03 TRANSFERENCIA ELECTRONICA
C8: CUAJIMALPA DE MORELOS C.P. 05320 | D8: 5062-1111 EXT 7068 ANDRES | E8: PROM | F8: ANTES RENTAFN
C9: COMPRA AKEBONO, TEXTAR, | D9: LISTAS andres.bermudes@acurainterlomas.com | E9: 7311.75
C10: NEGOCIO: AGENCIA ACURA INTERLOMAS | D10: sonia.resendiz@acurainterlomas.com
A11: L | B11: 133 | C11: DON MANTENIMIENTO VEHICULAR, S.A. DE C.V. | D11: MELCHOR PEREZ MORALES (PAPÁ) COMPRAS | E11: CREDITO 30 DIAS | F11: LIMITE DE CREDITO:$430,000.00
C12: AV. PALO SOLO # 57. COL. PALO SOLO | D12: LAURA RAMIREZ PAGOS Y CORREOS | E12: TEXTAR Y PRIVADAS 77.59%
C13: C.P. 52778 HUIXQUILUCAN ESTADO DE MEXICO | D13: LISTAS Y OTROS: donfrenos@hotmail.com | E13: AKEBONO 78.50%
C14: COMPRA TEXTAR, AKEBONO, PRIVADAS | D14: 55 5291 3726 55 5290-3045 | E14: PROM
D15: CEL LAURA RMZ 55 1505 7953 | E15: 56345.58
A16: L | B16: 684 | C16: BOTTAGLIA S.A DE C.V | D16: LUIS SEGURA COMPRAS | E16: CREDITO 30 DIAS | F16: OBSERVACIONES Y/O COMENTARIOS
C17: CISNES MANZANA 19 LOTE 7, COL. VALLE DE TULES
C18: C.P. 54900, TULTITLAN ESTADO DE MEXICO | D18: LOCAL 7586-2099 Y 7586-2211 | E18: DESCUENTO GRAL 78%
C19: COMPRA: TEXTAR, AKEBONO Y PRIVADAS | D19: Cel: 5518004676
D20: FACTURAS: proveedores@hlautopartes.com.mx | E20: PROM
D21: LISTAS bottaglia@gmail.com | E21: 1597.35
A22: L | B22: 5 | C22: FRENOS ZAIYER, S.A. DE C.V. | D22: DUEÑA SRA GEMA CASTRO ALBARRAN | E22: CONTADO | F22: OBSERVACIONES Y/O COMENTARIOS
C23: AV. JESUS CARRANZA N°7 | D23: COMPRAS ENRIQUE Y RAMON | E23: DESC. GRAL. 76.64%
C24: COL. HUIZACHAL C.P. 53840 | D24: 55 89 00 79 / 5589 1675 | E24: AKEBONO 78%
C25: NAUCALPAN EDO. MEX. | D25: CEL. 55 2187-0939 | E25: PROM
C26: COMPRA TEXTAR, AKEBONO, PRIVADAS | D26: FACTURAS:creditoycobranza.fzsa@telmexmail.com | E26: 6015.09
D27: compraszb01@prodigy.net.mx
B28: 1002 | C28: HILDA PEREZ MORALES | D28: SR. DAVID | E28: CONTADO | F28: OBSERVACIONES Y/O COMENTARIOS
C29: GRAL. JESUS CARRANZA #4 | D29: 5293-0009 | E29: DESC. GRAL 70% | F29: VIENE A MOSTRADOR
A30: L | C30: COL. EL HUIZACHAL NAUCALPAN | D30: ser_a@hotmail.com | E30: AKEB 77%
C31: EDO DE MEXICO C.P. 53840 | E31: PROM
C32: COMPRA: TEXTAR, S. CERAMIC | E32: 688.52
A34: L | B34: 1069 | C34: GABRIEL REYES RAMIREZ Jr. | D34: GABRIEL REYES HIJO | E34: CREDITO 35 DIAS | F34: OBSERVACIONES Y/O COMENTARIOS
C35: SANTA CRUZ No. 169 LOCAL B COL. SAN SIMON TICOMAC | D35: 55 3625 1406 NEXTEL GABRIEL | E35: DESCUENTO GRAL.78.83% | F35: LIMITE DE CREDITO:$800,000.00
C36: ALCALDÍA BENITO JUAREZ, CDMX C.P. 03660 | D36: 55 7030-1710 Y 55 7030-1711 | E36: PROM
C37: OTRA SUCURSAL DE FRENBAL | D37: LISTAS Y OTROS: gabo.rey3s@gmail.com | E37: 8981.1
C38: COMPRA TEXTAR, AKEBONO Y PRIVADAS
A39: L | B39: 8 | C39: GABRIEL REYES RAMIREZ | D39: DUEÑO Y COMPRAS GABRIEL REYES | E39: CREDITO 35 DIAS | F39: OBSERVACIONES Y/O COMENTARIOS
C40: CALLE ESPARTA # 53 COL. ALAMOS CDMX | D40: gabrielrfbe@yahoo.com.mx | E40: DESCUENTO GRAL. 78.83% | F40: LIMITE DE CREDITO: $801,000.00
C41: ALCALDÍA BENITO JUAREZ , CDMX C.P. 03400 | D41: FACTURAS: viaducto@fren-balexpress.com | E41: PROM
C42: NEGOCIO "FREN-BAL EXPRESS" | D42: 55 3547 3765 / 55 3547 3766 | E42: 57158.11
C43: COMPRA TEXTAR, AKEBONO Y PRIVADAS | D43: CEL. 553625-1406
A44: L | B44: 60 | C44: GUADALUPE VAZQUEZ RUIZ | D44: COMPRAS SRA. GUADALUPE | E44: CREDITO 30 DIAS | F44: OBSERVACIONES Y/O COMENTARIOS
C45: ISABEL LA CATOLICA COL. OBRERA N.EXT. 336 | D45: 55 57 40 67 66 | E45: DESCUENTO GRAL. 76.25% | F45: LIMITE DE CREDITO: $27,000.00
C46: CIUDAD DE MEXICO C.P. 06800 | D46: CEL. 55 2673 8841 | E46: PROM
C47: MUNICIPIO: CUAUHTEMOC | D47: lupevazqr@gmail.com | E47: 6865.05
C48: COMPRA TEXTAR, AKEBONO Y PRIVADAS | D48: LISTAS: servicio_vazquez@live.com.mx
D49: PROMEDIO TOTAL | E49: =SUM(E64,E15,E21+E26+E32+E37+E42+E47)/8 -> 17206.35 | F49: * PROMEDIO DE ENERO A JUN 20

Sheet VIERNES 
A1: CORPORATIVO AUTO REFACCIONES DE CALIDAD S.A. DE C.V.
A2: CARTERA GERARDO ALPIZAR
F3: =FORANEO!F3 -> ULTIMA FECHA DE MODIFICACION 03/04/2022
A4: RUTA VIERNES
A5: Z | B5: No. | C5: CLIENTE | D5: CONTACTO | E5: CRED. Y COND. | F5: OBSERVACIONES Y/O COMENTARIOS
A6: L | B6: 104 | C6: SERGIO LEZAMA REYES | D6: DUEÑO SERGIO LEZAMA | E6: CONTADO | F6: COMPRA POR MOSTRADOR
C7: AV. HIDALGO # 65. COL SAN ANDRES ATENCO | D7: CEL. SR. SERGIO 551341-1603 | E7: DESC. GRAL.73.59%
C8: TLALNEPANTLA, EDO DE MEX C.P. 54040 | D8: CEL. SERGIO JR. 553226-7605 | E8: AKEBONO 75%
C9: NOMBRE DEL NEGOCIO: ¨LEZAMA AUTOMOTRIZ¨ | D9: tallerlezama@yahoo.com.mx | E9: PROM
C10: COMPRA: TEXTAR, AKEBONO Y PRIVADAS | E10: 8045.48
A11: L | B11: 2225 | C11: JONATHAN ARI QUINTERO | D11: CONTACTO: CESAR CAMPERO | E11: 40 DIAS | F11: DIRECCIÓN DE OFNA: AV. ADOLFO LOPÉZ MATEOS
C12: MIGUEL FLORES MZ D LT | D12: CEL. 554819-9258 | E12: DESC. GRAL. 78.13% | F12: NO. 38 COL. VALLE DE SANTA MÓNICA
C13: COL. SAN RAFAEL COACALCO DE BERRIOZABAL | D13: AUTORIOZACIONES MARELYN 33 2538 1100 | F13: TLALNEPANTLA, ESADO DE MEXICO CP.54047
C14: ESTADO DE MEXICO C.P. 55719 | D14: cesar.campero@hotmail.com | E14: PROM. | F14: LIMITE DE CRÉDITO $250,000
C15: COMPRA: TEXTAR Y SUPER CERAMIC | D15: july_navarro_a@hotmail.com | E15: 43603.13
A16: L | B16: 428 | C16: PARTES Y SERVICIOS COLIN, S.A. DE C.V. | D16: DUEÑO SR. LEONARDO COLIN ROMERO | E16: CREDITO 30 DIAS | F16: OBSERVACIONES Y/O COMENTARIOS
C17: RICARTE # 497 COL SAN BARTOLO ATEPEHUACAN | D17: SRA. GRACIELA | E17: DESC. GRAL. 76.25% | F17: LIMITE CREDITO :$100,000.00
C18: C.P. 07730 ALCALDÍA GUSTAVO A. MADERO, CDMX | D18: 55 5752 0519 | E18: AKEBONO 77%
C19: COMPRA AKEBONO Y SENSORES TEXTAR | D19: pyscolin@serviciocolin.com | E19: PROM
A21: L | B21: 717 | C21: LEONARDO COLIN SALAS | D21: SR. COLIN O JENY | E21: CREDITO 30 DIAS | F21: OBSERVACIONES Y/O COMENTARIOS
C22: RICARTE # 505 COL SAN BARTOLO ATEPEHUACAN | D22: 55 55 87 64 62 | E22: DESC. GRAL. 76.25% | F22: LIMITE CREDITO :$100,000.00
C23: C.P. 07730 ALCALDÍA GUSTAVO A. MADERO, CDMX | E23: AKEBONO 77%
C24: NOMBRE DE EL NEGOCIO: PARTES Y SERVICIOS COLIN | D24: colinexpress@serviciocolin.com | E24: PROM
C25: COMPRA AKEBONO Y SENSORES TEXTAR
A26: L | B26: 405 | C26: PATRICIA ESTHER MARAVER ROJAS | D26: CONTACTO PATRICIA MARAVER | E26: CREDITO 30 DIAS | F26: OBSERVACIONES Y/O COMENTARIOS
C27: URANIO No 2 | D27: 55 5787 2482 | E27: DESC GRAL. 78% | F27: LIMITE DE CREDITO: $100,000.00 DOMICILIO:
C28: COL. LAZARO CARDENAS | D28: CEL. 55 7051 8107 | F28: CIRCUITO LAS FUENTES #54 COL. FUENTES DE SAN
C29: ECATEPEC DE MORELOS, C. P. 55190 | D29: LISTAS patyemr0212@gmail.com | E29: PROM | F29: CRISTOBAL ECATEPEC(DIRECCION DE ENTRGA)
C30: COMPRA TEXTAR, AKEBONO Y PRIVADAS | D30: pfacturas@gmail.com | E30: 22921.9
A31: L | B31: 690 | C31: ALVARO AGUILAR VALDES | D31: COMPRAS ALVARO HIJO | E31: CONTADO | F31: OBSERVACIONES Y/O COMENTARIOS
C32: CARLOS PICHARDO CRUZ No. 34 COL. STA. MARIA MAGDALENA | D32: 55 6348 5181 | E32: DESC.GRAL. 76.75% | F32: Limite de credito: $200,000.00
C33: C.P. 55715 EDO. DE MEX. COACALCO DE BERRIOZABAÑ | D33: frenos.importados@outlook.com | E33: AKEB 77.50%
C34: NEGOCIO "FRENOS IMPORTADOS" | E34: PROM
C35: COMPRA TEXTAR, AKEBONO, SUPER CERAMIC | E35: 11487.08
A36: L | B36: 2835 | C36: FRANCISCO ANTONIO CASTILLO VILLANUEVA | D36: COMPRAS ANTONIO CASTILLO | E36: CONTADO | F36: OBSERVACIONES Y/O COMENTARIOS
C37: AV. RICARDO FLORES MAGÓN No.881 INT 7 | D37: CEL. 55 2888 2864 | E37: DESC. GRAL 76.25% | F37: ANTES FACTURABA COMO ANTONIO CASTILLO
C38: COL. SANTIAGO C.P. 56615 VALLE DE CHALCO SOLIDARIDAD | D38: LISTAS: servicio.castillo@hotmail.com | E38: PROM
C39: EDO. DE MEXICO | D39: FACTURAS: antoniofacturas1@outlook.com | E39: 14310.6
C40: COMPRA: TEXTAR, AKEBONO Y PRIVADAS
A41: L | B41: 275 | C41: MAURICIO CHAVEZ MARTINEZ | D41: DUEÑO MAURICIO CHAVEZ | E41: CREDITO 30 DIAS | F41: OBSERVACIONES Y/O COMENTARIOS
C42: AV. CONSTITUYENTES HECTOR VICTORIA Nº 226 | D42: PEDIDOS CON VICTOR 55 3485 6960 | E42: DESC. GRAL. 77.94% | F42: PAGA EN EFECTIVO 5% PP
C43: COL. NAVIDAD | D43: LISTAS Y FACTURAS | E43: AKEB. 79.54% | F43: ENVÍO X RUTA Y OCASIONALMENTE MOSTRADOR
C44: ALCALDÍA CUAJIMALPA, CDMX C.P. 05210 | D44: refa_chavez@hotmail.com | E44: PROM | F44: RICARDO CHAVEZ (HIJO) 58151953
C45: COMPRA TEXTAR, AKEBONO, SUPER CERAMIC | D45: CEL. VICTOR 553485-6960 | E45: 10358.45
A46: L | B46: 1631 | C46: ISAURO CASTRO ALBARRAN | D46: COMPRAS Y DUEÑO ISAURO CASTRO | E46: CONTADO | F46: OBSERVACIONES Y/O COMENTARIOS
C47: CALLE 18 No. 4 | D47: CEL. 554598-7141 | E47: DESC. GRAL. 75%
C48: COL. LOMAS INDEPENDENCIA NAUCALPAN | D48: icastro7264@gmail.com | E48: AKEB 77%
C49: EDO. DE MEXICO C.P. 53830 | E49: PROM
C50: COMPRA TEXTAR | E50: 5602.78
A51: L | B51: 2585 | C51: MOTORPARTS CENTER, S.A. DE C.V | E51: 30 DIAS | F51: OBSERVACIONES Y/O COMENTARIOS
C52: SUR 149 2103 S/N COL. GABRIEL RAMOS MILLAN SECC. BRAMADERO | D52: COMPRAS: CARLA FERNANDEZ | E52: DESC. GRAL. 76.25% | F52: FACTURAS MENORES DE 2,000 POR PAGO EFVO
C53: CDMX IZTACALCO CP 08000 | D53: carlafern2020r.gaona@gmail.com | E53: PROM | F53: LIMITE DE CREDITO: $40,000.00
C54: NEGOCIO "REFACCIONARIA GAONA" | D54: 55 5654 8377 5556 48 4667 | E54: 678.8
C55: COMPRA TEXTAR, MARCAS PRIVADAS | D55: CEL. CARLA 558565 0882
A56: L | B56: 1048 | C56: JOSE JORGE ALVARADO GONZALEZ | D56: COMPRAS : JORGE ALVARADO | E56: CONTADO | F56: OBSERVACIONES Y/O COMENTARIOS
C57: MORELOS No. 2 COL. TEQUESQUINAHUAC, TLALNEPANTLA | D57: jorgealvarado780@yahoo.com.mx | E57: DESC. GRAL 73%
C58: ESTADO DE MÉXICO C.P. 54020 | D58: 551235 4113 | E58: PROM | F58: COMPRA POR MOSTRADOR
C59: COMPRA TEXTAR Y PRIVADAS | E59: 594.4
D60: PROMEDIO TOTAL | E60: =SUM(E10,E15,E30,E35,E39,E45,E50,E54,E59)/9 -> 13066.958
A71: L | B71: 1987 | C71: COMERCIALIZADORA GOGA SA DE CV | F71: OBSERVACIONES Y/O COMENTARIOS
C72: CARRIZOS #64 | D72: LOCAL | E72: DESC. GRAL 75% | F72: SUS COMPRAS SON POR LICITACIONES
C73: COL. JARDINES DE SAN MATEO NAUCALPAN DE JUAREZ | D73: 5348-4419
C74: EDO DE MEX C.P. 53240 | D74: comergoga@yahoo.com | E74: PROM
E75: 3615.47
C76: COMPRA: AKEBONO
D90: PROMEDIO TOTAL | E90: =SUM(E10,E25,E20,E30,E35) -> 42454.46 | F90: * PROMEDIO DE ENERO A JUN 20

Sheet DATOS
A1: Clave | B1: Estatus | C1: Nombre | D1: Calle | E1: Teléfono | F1: Límite de crédito | G1: Saldo | H1: Lista de precios | I1: DESCURNYO | J1: Estado datos fiscales
A2: 4 | B2: Suspendido | C2: JUAN ANGEL ANAYA LOZOYA | D2: ESCUDERO | E2: 01 61 44 14 15 10 | F2: 35000 | G2: 0 | H2: 5 | I2: 20
A3: 5 | B3: Activo | C3: FRENOS ZAIYER SA DE CV | D3: AV. JESUS CARRANZA N°7 | E3: 55 89-00 79 SR MARQUEZ | F3: 27511.41 | G3: 9812.29 | H3: 5 | I3: 20
A4: 8 | B4: Activo | C4: GABRIEL REYES RAMIREZ | D4: EJE CENTRAL LAZARO CARDENAS | E4: 3547 3766 /3625 1406 nex | F4: 801000 | G4: 6226.07 | H4: 7 | I4: 30
A5: 13 | B5: Activo | C5: CLUTCH Y FRENOS ELVIS S A DE C V | D5: CALZ. DE LA NARANJA N°867 Y 873 | E5: 53 58 16 26 | F5: 96878.45 | G5: 36311.08 | H5: 7 | I5: 30
A6: 14 | B6: Suspendido | C6: RAMON MOSQUEDA MARTINEZ | D6: LUZ SAVIÑON | E6: 55436281/50258081 | F6: 392650.66 | G6: 799.44 | H6: 5 | I6: 20
A7: 17 | B7: Activo | C7: COMERCIALIZADORA DE AUTOPARTES FRECENTAU | D7: 1a. PRIVADA DE PROVIDENCIA M-5 L-4 | E7: 5850-2550 VERONICA | F7: 400000 | G7: 58092.92 | H7: 8 | I7: 37.5
A8: 51 | B8: Suspendido | C8: OSCAR SANTILLAN CADENA | D8: BLVD. ADOLFO LÓPEZ MATEOS | E8: 5651-4091/47511050 | F8: 167000 | G8: 0 | H8: 4 | I8: 15
A9: 56 | B9: Activo | C9: MUELLES Y BALATAS DEL GUADIANA SA DE CV | D9: AV. 20 DE NOVIEMBRE | E9: 01 618 817 01 65 Araceli | F9: 105000 | G9: 0 | H9: 5 | I9: 20
A10: 60 | B10: Activo | C10: GUADALUPE VAZQUEZ RUIZ | D10: ISABEL LA CATOLICA | E10: 5740 6766 | F10: 29000 | G10: 17416.94 | H10: 6 | I10: 25
A11: 71 | B11: Activo | C11: VICTOR MANUEL MARTINEZ JIMENEZ | D11: HELIOTROPO | E11: 0177 7322 4524/315 0632 | F11: 350000 | G11: 47126.4 | H11: 7 | I11: 30
A12: 94 | B12: Activo | C12: BEATRIZ RUIZ PEREZ | D12: AV. GUADIANA | E12: 5783 7107 | F12: 0 | G12: 68621.65 | H12: 8 | I12: 37.5
A13: 104 | B13: Activo | C13: SERGIO LEZAMA REYES | D13: AV. HIDALGO | E13: 5365 3040 ,5362 9923 | F13: 0 | G13: 1371.67 | H13: 4 | I13: 15
... A16: 133 | B16: Activo | C16: DON MANTENIMIENTO VEHICULAR SA DE CV | D16: AV. PALO SOLO | E16: 5291 3726 | F16: 430000 | G16: 243116.88 | H16: 7 | I16: 30
A17: 250 | B17: Activo | C17: ROSA ELENA TOVAR RIOS | D17: LA ALBORADA | E17: 55772225 | F17: 0 | G17: -690.51 | H17: 4 | I17: 15
A18: 275 | B18: Activo | C18: MAURICIO CHAVEZ MARTINEZ | D18: AV. CONSTITUYENTES HECTOR VICTORIA | E18: 5815 1953 / 8164-7044 | F18: 115536.79 | G18: 18069.37 | H18: 7 | I18: 30
A19: 334 | B19: Suspendido | C19: SILVIA MARLENE CRUZ REBOLLO | D19: AV. ERMITA IZTAPALAPA | E19: 5694 9316 / 1606 | F19: 0 | G19: 0 | H19: 5 | I19: 20
A20: 401 | B20: Activo | C20: BALATAS Y COMPLEMENTOS OSO SA DE CV | D20: FRANCISCO BARRERA | E20: 5825 0868/ 58223508 ANGEL | F20: 0 | G20: 77382.9 | H20: 7 | I20: 30
A21: 405 | B21: Activo | C21: PATRICIA ESTHER MARAVER ROJAS | D21: URANIO | E21: 57763358 | F21: 71598.56 | G21: 65880.23 | H21: 6 | I21: 25
A22: 424 | B22: Activo | C22: RICARDO SALVADOR RODRIGUEZ JUÁREZ | D22: JOSE MARIA PINO SUAREZ SUR | E22: 01722 27 73 007 OSCAR | F22: 350000 | G22: 159317.14 | H22: 7 | I22: 30
A23: 428 | B23: Activo | C23: PARTES Y SERVICIOS COLIN SA DE CV | D23: RICARTE | E23: 5752 0459 5752-0519 | F23: 100000 | G23: 0 | H23: 6 | I23: 25
A24: 592 | B24: Activo | C24: GERARDO HURTADO GOMEZ | D24: AMADO NERVO | E24: 555570-2857 555570-2653 | F24: 0 | G24: 0 | H24: 5 | I24: 20
A25: 613 | B25: Activo | C25: ALEJANDRO ZAVALA FLORES | D25: NICOLAS BRAVO | E25: 53532615 | F25: 150000 | G25: 134979.58 | H25: 6 | I25: 25
A26: 668 | B26: Suspendido | C26: MASCOMMERCE SA DE CV | D26: CARRETERA CANCUN - AEROPUERTO KM 9.5 | E26: 01 99 8882 1127 | F26: 0 | G26: 0 | H26: 5 | I26: 20
A27: 684 | B27: Activo | C27: BOTTAGLIA SA DE CV | D27: CISNES MANZANA 19 LOTE 7, | E27: 7586-2099/5521554978GVO | F27: 50000 | G27: 2629.83 | H27: 5 | I27: 20
A28: 690 | B28: Suspendido | C28: ALVARO AGUILAR VALDES | D28: CARLOS PICHARDO CRUZ | E28: 6348-5181 | F28: 200000 | G28: 44303.28 | H28: 6 | I28: 25
A29: 717 | B29: Activo | C29: LEONARDO COLIN SALAS | D29: AV. RICARTE No. 505 | E29: 5587-6462 | F29: 100000 | G29: 0 | H29: 6 | I29: 25
A30: 820 | B30: Activo | C30: JENIFFER NAYELLI PEREZ LOPEZ | D30: SAN FEDERICO | E30: 5677 2540 | F30: 84000 | G30: 61579.19 | H30: 7 | I30: 30
A31: 836 | B31: Suspendido | C31: MARIA DE LOURDES CASILLAS HERNANDEZ | D31: SAN JUAN DE ARAGON | E31: 57377993 /62773070 | F31: 1817070 | G31: 0 | H31: 6 | I31: 25
A32: 863 | B32: Suspendido | C32: BERENICE RAMIREZ GARCIA | D32: JAVIER ROJO GOMEZ | E32: 5115-4501 5115-4502 | F32: 800000 | G32: 0 | H32: 7 | I32: 30
A33: 874 | B33: Activo | C33: ROXANA ANGLES ARIAS | D33: ADOLFO LOPEZ MATEOS S/N | E33: 9331105928 | F33: 50000 | G33: 5762.96 | H33: 5 | I33: 20
A34: 880 | B34: Activo | C34: ESPERANZA MONTIEL ONTIVEROS | D34: AV. SOLIDARIDAD LAS TORRES | E34: 01 722 223 4537 | F34: 95000 | G34: 89418.86 | H34: 6 | I34: 25
A35: 996 | B35: Activo | C35: VERONICA NOEMI MEDINA DIAZ | D35: AV. AGUASCALIENTES | E35: 01449 914 46 63 - 1177561 | F35: 95000 | G35: 0 | H35: 6 | I35: 25
A36: 1000 | B36: Activo | C36: JOSE OCTAVIO RAMIREZ REYES | D36: TRABAJADORAS SOCIALES | E36: 5686 5792 5633 8957 | F36: 850000 | G36: 33088 | H36: 7 | I36: 30
A37: 1002 | B37: Activo | C37: HILDA PEREZ MORALES | D37: GRAL. JESUS CARRANZA | E37: 5293-0009 | F37: 0 | G37: 0 | H37: 4 | I37: 15
A38: 1042 | B38: Activo | C38: DIANA CHAVEZ DE LA SOTA | D38: PROLONGACION DIVISION DEL NORTE | E38: 5603-1548 / 5603-5239 | F38: 135000 | G38: 74833.81 | H38: 6 | I38: 25
A39: 1069 | B39: Activo | C39: GABRIEL REYES RAMIREZ | D39: SANTA CRUZ | E39: 7030-1710 / 7030-1711 | F39: 800000 | G39: 3631.57 | H39: 7 | I39: 30
A40: 1170 | B40: Suspendido | C40: JUAN JORGE DINAYA SA DE CV | D40: 18 DE MARZO | F40: 30000 | G40: 0 | H40: 1 | I40: 0
A41: 1225 | B41: Activo | C41: SOLEDAD CALDERON ROCHA | D41: TARANGO | E41: 5593-2243 | F41: 200000 | G41: 175126.66 | H41: 7 | I41: 30
A42: 1594 | B42: Activo | C42: MANUEL ROBERTO MIRANDA TORRES | D42: AV. ORIZABA | E42: 01 272 159 5672 | F42: 0 | G42: 2519.98 | H42: 7 | I42: 30
A43: 1631 | B43: Activo | C43: ISAURO CASTRO ALBARRAN | D43: CALLE 18 | E43: 55 4598 7141 | F43: 0 | G43: 0 | H43: 5 | I43: 20
A44: 1679 | B44: Activo | C44: LILIANA CANSINO RUBIO | D44: TREVIÑO | E44: 01 871 7160439 | F44: 150000 | G44: 0 | H44: 4 | I44: 15
A45: 1698 | B45: Suspendido | C45: SILVIA MARLEN CRUZ REBOLLO | D45: JOSE MARIA VIGIL | E45: 5600-8481 | F45: 0 | G45: 0 | H45: 6 | I45: 25
A46: 1721 | B46: Suspendido | C46: PROVEEDORA DE REFACCIONES PARA AUTOMOVIL | D46: CALLE CORDOBA | F46: 0 | G46: 0 | H46: 5 | I46: 20
A47: 1774 | B47: Activo | C47: ALEXIS DAVID MONTAÑEZ CRUZ | D47: CALZ SALVADOR SANCHEZ COLIN | F47: 0 | G47: 1329.34 | H47: 5 | I47: 20
A48: 1811 | B48: Activo | C48: ADRIANA BUSTAMANTE ALMEDA | D48: BLVD. PASEO CUAUHNAHUAC | E48: 01 777 3224 524 | F48: 0 | G48: -697.72 | H48: 7 | I48: 30
A49: 1872 | B49: Suspendido | C49: TRAIDING AND DISTRIBUTION GROUP SA DE CV | D49: JUAREZ 79-B | F49: 0 | G49: 0 | H49: 5 | I49: 20
A50: 1933 | B50: Activo | C50: AUTOPARTES Y SERVICIOS KOI SA DE CV | D50: MORELOS | E50: 01 722 213 28 49 | F50: 94695.93 | G50: 31864.53 | H50: 7 | I50: 30
A51: 1989 | B51: Activo | C51: RICARDO SALVADOR RODRIGUEZ JUAREZ | D51: AV. HIDALGO ORIENTE | E51: 01 722 27 73 007 | F51: 220000 | G51: 42568.22 | H51: 7 | I51: 30
A52: 1996 | B52: Suspendido | C52: FRENCO MEXICO SA DE CV | D52: AV. FRANCISCO SARABIA | E52: 833- 12623-25/2145-250 | F52: 35000 | G52: 14821.03 | H52: 5 | I52: 20
A53: 2042 | B53: Activo | C53: ADELINA CUEVAS RODRIGUEZ | D53: CALZADA EMILIANO ZAPATA | E53: 01 736-3660608 | F53: 0 | G53: 0 | H53: 5 | I53: 20
A54: 2225 | B54: Activo | C54: JONATHAN ARI QUINTERO VAZQUEZ | D54: MIGUEL FLORES | E54: 55 4819 9258 | F54: 149910.93 | G54: 149731.82 | H54: 7 | I54: 30
A55: 2241 | B55: Suspendido | C55: RITA MORENO MARTINEZ | D55: AV. 661 | E55: 5796-2832 | F55: 30000 | G55: 0 | H55: 5 | I55: 20
A56: 2360 | B56: Activo | C56: ALMA ELVIA MARTINEZ PEREZ | D56: AV. AGUSTIN GARCIA LOPEZ CASA D7 LT. 15 | E56: 5546107859 (ALBERTO) | F56: 60000 | G56: 31434.77 | H56: 7 | I56: 30
A57: 2361 | B57: Activo | C57: ORELLANA INTER TRADE SA DE CV | D57: ORIZABA 101 DESP. 106 PRIMER PISO | E57: 5535 5043/5703 0116 | F57: 100000 | G57: 2874.51 | H57: 5 | I57: 20
A58: 2398 | B58: Activo | C58: MARIA ANTONIETA CARDENAS RUIZ | D58: AV. MEXICO | E58: 7222171205 | F58: 0 | G58: 0 | H58: 6 | I58: 25
A59: 2466 | B59: Activo | C59: JOSE DE JESUS GARCIA MENDOZA | D59: CDA. ALCANFORES | E59: 5824-0119 | F59: 72600 | G59: 68354.07 | H59: 5 | I59: 20
A60: 2472 | B60: Activo | C60: COMERCIALIZADORA VAZQUEZ Y DOMINGUEZ SA | D60: AV. JORGE JIMENEZ CANTU | E60: 55 5876 7645 | F60: 0 | G60: 0 | H60: 6 | I60: 25
A61: 2508 | B61: Activo | C61: SUPER REFACCIONARIA TAXQUEÑA SA DE CV | D61: CALZADA TAXQUEÑA | E61: 554199-0947 554199-0498 | F61: 0 | G61: 0 | H61: 5 | I61: 20
A62: 2585 | B62: Activo | C62: MOTORPARTS CENTER SA DE CV | D62: SUR 149 2103 | E62: 55 5654 8377 | F62: 40000 | G62: 0 | H62: 5 | I62: 20
A63: 2658 | B63: Activo | C63: LUCIO RAMIREZ SANDOVAL | D63: FRANCISCO MURGUIA | E63: 55 5746 0949 | F63: 600000 | G63: 170462.72 | H63: 8 | I63: 37.5
A64: 2798 | B64: Activo | C64: IRVING DANIEL RAMIREZ GALLEGOS | D64: AV. SANTA MONICA | E64: 55 5746 0949/ 55 67283233 | F64: 500000 | G64: 0 | H64: 8 | I64: 37.5
A65: 2835 | B65: Activo | C65: FRANCISCO ANTONIO CASTILLO VILLANUEVA | D65: AV. RICARDO FLORES MAGON | E65: 55 2888 2864 | F65: 0 | G65: 0 | H65: 6 | I65: 25
A66: 2988 | B66: Activo | C66: MARLYNE JULIANNA NAVARRO ALANIS | D66: CIRCUITO RAL SAN JOSE NORTE | E66: 5587933377 | F66: 250000 | G66: 39283.48 | H66: 7 | I66: 30
A67: 3268 | B67: Activo | C67: MARIA MAGDALENA UTRERA MONTERO | D67: AV. LAZARO CARDENAS | E67: 228 814 1879 | F67: 150000 | G67: 59686.95 | H67: 7 | I67: 30
A68: 3308 | B68: Activo | C68: EDNA MARINA ESCOBOZA RAMIREZ | D68: CALLE TERCERA | E68: 662 233 5285 | F68: 0 | G68: 0 | H68: 5 | I68: 20
A69: 3381 | B69: Activo | C69: INGRID ASTRID LANDIN CORREA | D69: ABRAHAM SANCHEZ | E69: 55 6993 8591 | F69: 0 | G69: 0 | H69: 5 | I69: 20
A70: 3506 | B70: Activo | C70: COMERCIALIZADORA LUCA DE MEXICO, S.A. DE C.V. | D70: NORTE 30 | F70: 0 | G70: 20 | H70: 6 | I70: 25
A71: 3521 | B71: Activo | C71: NURIA XIMENA RODEA MORENO | D71: AV. 661 | E71: 55 5796 2832 | F71: 30000 | G71: 6609.43 | H71: 5 | I71: 20
A72: 3590 | B72: Activo | C72: AUTOCOM SEMINUEVOS, S.A.P.I. DE C.V. | D72: AV. ACUEDUCTO | E72: 55 9108 2178 | F72: 0 | G72: 0 | H72: 6 | I72: 25

Sheet INACTIVOS
A1: CORPORATIVO AUTO REFACCIONES DE CALIDAD S.A. DE C.V.
A2: CARTERA GERARDO ALPIZAR
A6: Z | B6: No. | C6: CLIENTE | D6: CONTACTO | E6: CRED. Y COND. | F6: OBSERVACIONES Y/O COMENTARIOS
A7: L | B7: 1698 | C7: SILVIA MARLENE CRUZ REBOLLO | D7: MARCO ANTONIO ALFARO | E7: CREDITO 21 DIAS | F7: SE MODIFICO POR CAMBIO DE DOMICILILIO FISCAL
C8: CALLE.JOSE MARIA VIGIL | D8: 56949316 | E8: DESCUENTO GRAL. 76.91% | F8: SE FACTURABA ANTES CON EL
C9: NºEXT15 | D9: 56949306 | E9: PROM | F9: NUMERO DE CLIENTE 334
C10: COL. CAMPAMENTO 2 DE OCTUBRE C.P. 08930 | D10: facturas: marlencruz@prodigy.net.mx | E10: 7356.77 | F10: USO DEL CFDI - G01 FORMA DE PAGO SAT 99
C11: EDO.MEX | D11: listas: ventas@migsabrakes.com.mx | F11: SIN LIMITE DE CREDITO
C12: MUNICIPIO. IZTACALCO
A13: L | B13: 863 | C13: BERENICE RAMIREZ GARCIA | D13: COMPRAS ANTONIO RAMIREZ | E13: CREDITO 35 DIAS | F13: OBSERVACIONES Y/O COMENTARIOS
C14: JAVIER ROJO GOMEZ No. 170 LOCAL A | D14: 5115-4501 5115-4502 | E14: 78.83% DESCUENTO GRAL. | F14: LIMITE DE CREDITO: $800,000.00
C15: COL. AGRICOLA ORIENTAL ALCALDÍA IZTACALCO, CDMX | D15: asaelrg@hotmail.com | E15: PROM | F15: METODO DE PAGO: 03 TRANSFERENCIA
C16: NEGOCIO:FRENBAL EXPRESS | D16: CORREO FACTURAS: | E16: 14299.03
C17: COMPRA TEXTAR, AKEBONO, SUPER CERAMIC | D17: bereniceramg@hotmail.com
A18: L | B18: 51 | C18: OSCAR SANTILLAN CADENA | D18: DUEÑO OSCAR SANTILLAN | E18: CREDITO 30 DIAS | F18: OBSERVACIONES Y/O COMENTARIOS | G18: EN RUTA LUNES
C19: BLVD. ADOLFO LÓPEZ MATEOS # 1467 INT.203A | D19: COMPRAS ALBERTO LARA | E19: DESC.GRAL.74.35% | F19: LIMITE DE CREDITO: $167,000.00
C20: COL. SANTA MARÍA NONOALCO C.P.01420 | D20: 4751-1050 | E20: PRIVADAS 76% | F20: METODO DE PAGO: CHEQUE
C21: ALCALDÍA ALVARO OBREGON, CDMX | D21: 5651-4091 CEL. 55 1053 1779 | E21: AKEBONO 77% | F21: Sasso Ferrato #8
C22: NEGOCIO "REFACCIONARIA SANTILLAN" | D22: autopartes.santillan@hotmail.com | E22: PROM | F22: Alfonso VIII ALVARO OBREGON
C23: COMPRA TEXTAR, AKEBONO Y SUPER CERAMIC | E23: 12727.39

Sheet ZONA 12
A1: Z | B1: No. | C1: CLIENTE | D1: CONTACTO | E1: CRED. Y COND. | F1: OBSERVACIONES Y/O COMENTARIOS
A2: L | B2: 592 | C2: GERRADO HURTADO GOMEZ | D2: ERNESTO HURTADO MORALES (CONTACTO) | E2: CONTADO
C3: AMADO NERVO #23 COL. LA MEXICANA | D3: TEL. 555570 2857 / 555570 2653 | E3: DESC. GRAL 76.25% | F3: ANTES ZONA 12
C4: ALCALDÍA ALVARO OBREGON, CDMX C.P. 01260 | D4: CEL. 552692 6593 | E4: PROM
D5: ernestobalatas@hotmail.com
C7: COMPRA: TEXTAR Y OCD
A8: L | B8: 2431 | C8: IRMA MARIA DEL CARMEN VILCHIS GONZALEZ | D8: IRMA VILCHIS | E8: CONTADO
C9: AV. JOAQUIN MONTENEGRO #94 | D9: 55 7061 1843 | E9: DESC. GRAL 75%
C10: COL. SAN MARTIN EDO DE MEX. | E10: AKEB 77% | F10: ANTES ZONA 12
C11: MUNICIPIO TULTEPEC | D11: vilchismc87@gmail.com | E11: PROM
C12: NOMBRE DEL NEGOCIO: MECANICA JUAREZ
A14: L | B14: 2444 | C14: MAGNOLIA ANGELICA ZALDIVAR AGUILAR | D14: ENRIQUE ZALDIVAR | E14: CONTADO
C15: MAESTRO RURAL MZ. 22 LT. 2 | D15: 5391 5958 / 4780-9402 | E15: DESC. GRAL. 75%
C16: COL. ZONA ESCOLAR ALCALDIA GUSTAVO A. MADERO | D16: magyangelica@prodigy.net.mx | F16: ANTES ZONA 12
C17: CDMX C.P. 07230 | E17: PROM
C18: NOMBRE DEL NEGOCIO: REFACCIONARIA MAZA RUEDA
A20: L | B20: 2446 | C20: LILIA CUELLAR GARCIA | E20: CONTADO
C21: AV. BENITO JAUREZ S/N | E21: DESC. GRAL 76.25%
C22: COL. SANTIAGO TEYAHUALCO | F22: ANTES ZONA 12
C23: MUNICIPIO TULTEPEC EDO DE MEX. C.P. 54980 | E23: PROM
C24: NOMBRE DEL NEGOCIO: REFACCIONARIA TONY

Sheet LLAMADAS
A1: CORPORATIVO AUTO REFACCIONES DE CALIDAD S.A. DE C.V.
A2: CARTERA GERARDO ALPIZAR | F2: ULTIMA FECHA DE MODIFICACION 12/10/2018
A3: LLAMADAS
A4: Z | B4: No. | C4: CLIENTE | D4: CONTACTO | E4: CRED. Y COND. | F4: OBSERVACIONES Y/O COMENTARIOS
B5: 56 | C5: MUELLES Y BALATAS DEL GUADIANA SA DE CV | D5: SRITA AURELIA 016188170165 | E5: CREDITO 30 DIAS | F5: SUSPENDIDO
C6: CALLE AV. 20 DE NOVIEMBRE No 606 | D6: SRITA. JENNY 016188170993 facturacion.luz | E6: DES. GRAL 76.25% | F6: LIMITE DE CREDITO :$105,000
C7: COL. ZONA CENTRO | D7: FACTURAS Y LISTAS Pagos Sra. Tomasa
C8: DURANGO DURANGO, C. P. 34000 | D8: mbgpagos@hotmail.com | E8: PROM | F8: METODO DE PAGO 02 CHEQUE
C9: COMPRA TEXTAR,AKEBONO,SUPERCERAMIC,S. METALLIC | D9: mubgcredito@hotmail.com | F9: FLETE POR TRES GUERRAS A DOMICILIO POR COBRAR
D10: COMPRAS: CARLOS MATUB, ADOLFO MATUB | F10: vtasmbg@gmail.com
B11: 405 | C11: PATRICIA ESTHER MARAVER ROJAS | D11: CONTACTO PATRICIA MARAVER | E11: CREDITO 30 DIAS | F11: OBSERVACIONES Y/O COMENTARIOS
C12: CALLE COBRE No 2 | D12: 57 87 24 82 | E12: DESC GRAL. 78% | F12: LIMITE DE CREDITO: $140,000
C13: COL. LAZARO CARDENAS | D13: CEL. 55 70 51 81 07 | F13: LLEGA A MOSTRADOR
C14: ECATEPEC DE MORELOS, C. P. 55190 | D14: LISTAS patyemr0212@gmail.com | E14: PROM | F14: OCASIONALMENTE EN RUTA
C15: COMPRA: TEXTAR, AKEBONO, SUPERCERAMIC | D15: pfacturas@gmail.com | E15: 11813.77
B16: 962 | C16: OPERADORA CANCIA SA DE CV | D16: JAIME CASTILLO | E16: CONTADO | F16: OBSERVACIONES Y/O COMENTARIOS
C17: CALLE BELICE No.1212 | D17: 4981-8522 | E17: DESC. GRAL 73% | F17: SUSPENDIDO
C18: COL. OLIVAR DE LOS PADRES | D18: operaciones@gruasgorillas.com.mx
C19: DELEG. ALVARO OBREGON ,C. P. 01700 | E19: PROM
C20: CIUDAD DE MEXICO,
C21: COMPRA SUPER CERAMIC, SELECTRUM
A22: L | B22: 1026 | C22: RENTAFIN, S.A. DE C.V. | D22: SR. OSORIO GERENTE | E22: CREDITO 30 DIAS | F22: OBSERVACIONES Y/O COMENTARIOS
C23: AV. VIA MAGNA No.47 | D23: COMPRAS CLAUDIA ZEPEDA | E23: 0.7715 | F23: SUSPENDIDO
C24: COL. BOSQUES DE LAS PALMAS | D24: 5290 6086 / 5290 6944 | E24: PROM
C25: HUIXQUILUCAN, EDO. DE MEX. C.P. 52787 | D25: czepeda@rentafin.com.mx | E25: 11133.23 | F25: DISTRIB. AGENCIAS ACURA
C26: COMPRA AKEBONO, SUPER CERAMIC | D26: josorio@rentafin.com.mx
B27: 1594 | C27: MANUEL ROBERTO MIRANDA | D27: SR. MIRANDA | E27: CONTADO | F27: OBSERVACIONES Y/O COMENTARIOS
C28: CALLE AV. ORIZABA No.2220 | D28: 01 272 159 5672 | E28: DESC. GRAL 77.43% | F28: METODO DE PAGO: TRANSFERENCIA 03
C29: COL. RAFAEL ALVARADO | D29: FACTURAS Y LISTAS | F29: SIN CREDITO
C30: ORIZABA VERACRUZ, C.P. 94340 | D30: robermir669@gmail.com | E30: PROM | F30: FLETERA: AUTOTRANSPORTES AZTECA
C31: COMPRA TEXTAR, SUPERCERAMIC | E31: 6979.34
B32: 1631 | C32: ISAURO CASTRO ALBARRAN | D32: ISAURO CASTRO | E32: CONTADO | F32: OBSERVACIONES Y/O COMENTARIOS
C33: CALLE 18 No.4 | D33: 55 4598 7141 | E33: TEXTAR 75% | F33: METODO DE PAGO TRANSFERENCIA 03
C34: COL. LOMAS INDEPENDENCIA | D34: LISTAS Y FACTURAS | E34: AKEBONO 77% | F34: COTIZA POR TELEFONO
C35: NAUCALPAN, C. P. 53830 | D35: icastro7264@gmail.com | E35: PROM | F35: PAS A MOSTRADOR
C36: EDO DE MEXICO | E36: 2049.81
C37: COMPRA TEXTAR, AKEBONO
B38: 1679 | C38: LILIANA CANSINO RUBIO | D38: CONTACTO RICARDO RIVERA | E38: CONTADO | F38: OBSERVACIONES Y/O COMENTARIOS
C39: CALLE TREVIÑO No.4 SUR | D39: 01 871 7160 439 | E39: DESC GRAL 77.91% | F39: ANTES COMO RICARDO RIVERA DOMINGUEZ
C40: COL. CENTRO | D40: FACTURAS y LISTAS | F40: LIMITE DE CREDITO: $150,000.00
C41: TORREON COAHUILA, C. P. 27000 | D41: drcfrenos@gmail.com | E41: PROM | F41: METODO DE PAGO TRANSFERENCIA 03
C42: COMPRA : TEXTAR, SUPERCERAMIC | E42: 1859.94
B43: 785 | C43: MELCHOR PEREZ FLORES | D43: DUEÑO MELCHOR PEREZ FLORES ( HIJO ) | E43: 30 DIAS DE CREDITO% | F43: SUSPENDIDO
C44: AV. MORELOS No. INT. C EXT. 746 COL. SAN SEBASTIAN | D44: 01 722 1670471 | E44: DESC GRAL 76.42% | F44: LIMITE DE CREDITO $90,000
C45: EDO. DE MEXICO, TOLUCA C.P. 50150 | D45: 01 722 213 2849 / 01 722 271 2749 | F45: METODO DE PAGO TRANSFERENCIA 03
C46: NOMBRE NEGOCIO: FRENOS MANDIBULA | D46: 01 722 962 1019 (PAPA SR MELCHOR) | E46: PROM
C47: COMPRA , TEXTAR, AKEBONO, SUPER CERAMIC | D47: mandibulafrenos@yahoo.com.mx>
D48: donfrenos@hotmail.com
B49: 87 | C49: HUMBERTO JAVIER ABARCA RAMIREZ | D49: DUEÑO Y COMPRAS HUMBERTO J. ABARCA | E49: CREDITO 30 DIAS | F49: OBSERVACIONES Y/O COMENTARIOS
C50: C.RETORNO 23 VENTISCA MZ.26 L29 CASA B4 | D50: autorefaccionesari@hotmail.com | E50: TEXTAR, SUPER CERAMIC | F50: SUSPENDIDO
C51: COL. VIENTOS C.P.56530 | D51: 044 55 3421-0567 | E51: 0.7 | F51: LIMITE DE CREDITO: $85,000.00
C52: IXTAPALUCA, EM | D52: 59 76 05 63 (CASA) | E52: PROM | F52: METODO PAGO:OTROS 99
C53: NEGOCIO "COMERCIALIZADORA ABARCA" | E53: 297.14
C54: COMPRA TEXTAR, SUPER CERAMIC, SUPER METALLIC
C57: AUTOMOTRIZ ISSAC ARMOR SA DE CV | D57: CONTACTO: SR.VICTOR | E57: CONTADO | F57: OBSERVACIONES Y/O COMENTARIOS
C58: AV. LAGO ALBERTO N.320 PISO1 LOCAL A-03 OFICINA 2 | D58: 53585393 - 53573705 | E58: DESC GRAL 77% | F58: SUSPENDIDO
B59: 136 | C59: COL.ANAHUAC 1. SECCION, C.P. 11320 | D59: FACTURAS Y LISTAS | E59: PROM | F59: LIMITE DE CREDITO: $85,000.00
C60: DELEGACION MIGUEL HIDALGO | D60: issacarmor@hotmail.com | E60: 1312.21 | F60: METODO PAGO:OTROS 99
C61: COMPRA TEXTAR, AKEBONO, SUPERCERAMIC,SUPERFLEET

Sheet Hoja2
A1: Z | B1: No. | C1: CLIENTE | D1: CONTACTO | E1: CRED. Y COND. | F1: OBSERVACIONES Y/O COMENTARIOS
A2: L | B2: 1987 | C2: COMERCIALIZADORA GOGA S.A. DEC.V. | D2: ING.GODINES | F2: SIN LIMITE DE CREDITO
C3: CARRIZOS 64 JARDINES DE SAN MATEO MEXICO 53240 | D3: 53 48 44 19 | E3: CONTADO 75% | F3: METODO DE PAGO: PUE
D4: comergoga@yahoo.com
